 Dungeon Crawl Stone Soup version 0.18-a0-1433-g1d8109a (webtiles) character file.

13922937 UristPineapples the Invulnerable (level 27, 316/316 HPs)
             Began as a Deep Dwarf Fighter on July 9, 2015.
             Was the Champion of Makhleb.
             Escaped with the Orb
             ... and 15 runes on Feb 28, 2016!
             The game lasted 16:59:19 (114703 turns).

UristPineapples the Invulnerable (DDFi)           Turns: 114703, Time: 16:59:19

Health: 316/316    AC: 45    Str: 40    XL:     27
Magic:  24/27      EV: 37    Int: 16    God:    Makhleb [******]
Gold:   5051       SH: 36    Dex: 27    Spells: 15 memorised, 0 levels left

rFire  + . .     SeeInvis +     E - +8 mithril axe "Arga" {speed, MR+ Str+2}
rCold  + . .     Gourm    .     q - +3 pearl dragon armour
rNeg   + + .     Faith    +     m - +8 large shield {reflect}
rPois  .         Spirit   .     O - +1 helmet {Int+3}
rElec  +         Dismiss  .     g - +1 cloak "Ocovurei" {rCorr MP+9 Str+2 Dex+3}
rCorr  +         Reflect  +     l - +3 pair of gauntlets of War {Slay+5}
SustAt +         Harm     .     K - +2 pair of boots of Fuuqass {Str+3}
MR     +++++     Rnd*Rage +     Z - amulet of Xyifu Noyps {Faith rElec Str+2 Dex+4}
Stlth  ..........               J - ring "Ytisetuphu" {rF+ rC+ Str+4}
                                t - ring "Bideupul" {SustAt Str+2 Dex+4 SInv}

@: non-regenerating, almost entirely resistant to hostile enchantments,
extremely unstealthy
A: damage resistance, recharge devices, slimy green scales 1, thin metallic
scales 1, berserk 1, blurry vision 1, low mp 1, negative energy resistance 1,
sense surroundings 3, robust 1, slow regeneration 3, subdued magic 1, MP-powered
wands
a: Device Recharging, Minor Destruction, Lesser Servant of Makhleb, Major
Destruction, Greater Servant of Makhleb, Renounce Religion
0: Orb of Zot
}: 15/15 runes: decaying, slimy, silver, golden, iron, obsidian, icy, bone,
abyssal, demonic, glowing, magical, fiery, dark, gossamer


You escaped.
You worshipped Makhleb.
Makhleb was exalted by your worship.
You were not hungry.

You visited 18 branches of the dungeon, and saw 95 of its levels.
You visited Pandemonium 6 times, and saw 21 of its levels.
You visited the Abyss 7 times.
You visited 1 ziggurat, and saw 13 of its levels.
You also visited: Ice Cave and Volcano.

You collected 15356 gold pieces.
You spent 10108 gold pieces at shops.

Inventory:

Hand Weapons
 u - the +4 Staff of Dispater
   (You took it off Dispater on level 7 of the Iron City of Dis)
 x - the +7 Sceptre of Asmodeus
   (You took it off Asmodeus on level 7 of Gehenna)
 D - the +6 Sword of Cerebov {flame}
   (You took it off Cerebov in Pandemonium)

   It has been specially enchanted to burn those struck by it, causing extra
   injury to most foes and up to half again as much damage against particularly
   susceptible opponents.
   Big, fiery blades are also staple armaments of hydra-hunters.
 E - the +8 mithril axe "Arga" (weapon) {speed, MR+ Str+2}
   (You found it on level 5 of a ziggurat)

   Attacks with this weapon are significantly faster.
   It affects your strength (+2).
   It affects your resistance to hostile enchantments.
 S - a +1 broad axe of holy wrath
 Y - a +6 sacred scourge of holy wrath
Armour
 g - the +1 cloak "Ocovurei" (worn) {rCorr MP+9 Str+2 Dex+3}
   (You found it on level 5 of the Vaults)

   It affects your strength (+2).
   It affects your dexterity (+3).
   It affects your magic capacity (+9).
   It protects you from acid and corrosion.
 l - the +3 pair of gauntlets of War (worn) {Slay+5}
   (You bought it in a shop on level 1 of the Vaults)

   It affects your accuracy and damage with ranged weapons and melee attacks
   (+5).
 m - a +8 large shield of reflection (worn)
 q - a +3 pearl dragon armour (worn)
 K - the +2 pair of boots of Fuuqass (worn) {Str+3}
   (You found it in Pandemonium)

   It affects your strength (+3).
 N - a +2 pair of gloves of fire resistance
 O - a +1 helmet of intelligence (worn)
Rods
 a - a +6 rod of clouds (14/14)
   (You found it in an ice cave)
 h - a +6 rod of shadows (13/13)
   (You bought it in a shop on level 3 of the Orcish Mines)
Jewellery
 b - the ring "Dofi" {MR+ Int+2 Dex+3}
   (You bought it in a shop on level 5 of the Dungeon)

   [ring of protection from magic]

   It affects your intelligence (+2).
   It affects your dexterity (+3).
   It affects your resistance to hostile enchantments.
 t - the ring "Bideupul" (left hand) {SustAt Str+2 Dex+4 SInv}
   (You bought it in a shop on level 2 of the Vaults)

   [ring of sustain attributes]

   It sustains your strength, intelligence and dexterity.
   It affects your strength (+2).
   It affects your dexterity (+4).
   It lets you see invisible.
 z - the ring "Nom Ivoo" {rPois MP+9}
   (You took it off a mummy priest on level 2 of the Crypt)

   [ring of magical power]

   It protects you from poison.
   It affects your magic capacity (+9).
 H - the ring of Bugg {Int+3 Dex+4}
   (You found it on level 2 of the Realm of Zot)

   [ring of intelligence]

   It affects your intelligence (+3).
   It affects your dexterity (+4).
 J - the ring "Ytisetuphu" (right hand) {rF+ rC+ Str+4}
   (You found it in Pandemonium)

   [ring of strength]

   It affects your strength (+4).
   It protects you from fire.
   It protects you from cold.
 R - the ring of Megalomania {+Fly rC+ SInv}
   (You found it on level 7 of Gehenna)

   [ring of protection from cold]

   It protects you from cold.
   It lets you see invisible.
   It lets you fly.
 U - the ring of Soafeqi {-Tele +Fly Str+3 Dex+2 SInv}
   (You found it on level 7 of Gehenna)

   [ring of see invisible]

   It affects your strength (+3).
   It affects your dexterity (+2).
   It lets you see invisible.
   It lets you fly.
   It prevents most forms of teleportation.
 X - the ring "Katat" {rC+ rN+}
   (You found it on level 7 of the Iron City of Dis)

   [ring of protection from cold]

   It protects you from cold.
   It protects you from negative energy.
 Z - the amulet of Xyifu Noyps (around neck) {Faith rElec Str+2 Dex+4}
   (You took it off a deep elf annihilator on level 3 of the Elven Halls)

   [amulet of faith]

   It allows you to gain divine favour quickly.
   It affects your strength (+2).
   It affects your dexterity (+4).
   It insulates you from electricity.
Wands
 e - a wand of heal wounds (6/9)
 j - a wand of hasting (4/9)
 B - a wand of digging (1/24)
 P - a wand of teleportation (3/9)
Scrolls
 c - a scroll of recharging
 i - 13 scrolls of teleportation
 k - 38 scrolls of remove curse
 v - a scroll of silence
 y - a scroll of magic mapping
 C - 7 scrolls of fear
 G - 3 scrolls of immolation
 M - 4 scrolls of fog
Potions
 n - 3 potions of brilliance
 r - a potion of resistance
 F - 14 potions of curing
 L - 3 potions of magic
 Q - 7 potions of lignification
 V - 3 potions of flight
 W - a potion of might
Books
 o - a book of Annihilations

   Spells                             Type                      Level
   a - Poison Arrow                   Conjuration/Poison           6
   b - Chain Lightning                Conjuration/Air              8
   c - Lehudib's Crystal Spear        Conjuration/Earth            8
   d - Glaciate                       Conjuration/Ice              9
   e - Fire Storm                     Conjuration/Fire             9
Miscellaneous
 d - a disc of storms
 s - a phantom mirror
 w - a lamp of fire
 I - a legendary deck of defence {the Cloud}
 T - a lantern of shadows
Comestibles
 f - 20 bread rations
 p - 9 meat rations


   Skills:
 + Level 24.6 Fighting
 O Level 27 Axes
 - Level 0.5 Throwing
 O Level 27 Armour
 + Level 26.2 Dodging
 - Level 21.4 Shields
 - Level 14.0 Spellcasting
 * Level 23.9 Conjurations
 - Level 8.0 Hexes
 - Level 6.0 Translocations
 - Level 7.0 Transmutations
 - Level 7.3 Fire Magic
 - Level 10.1 Ice Magic
 - Level 11.7 Air Magic
 - Level 5.8 Earth Magic
 - Level 7.0 Poison Magic
 - Level 19.8 Invocations
 - Level 11.1 Evocations


You couldn't memorise any spells.
You knew the following spells:

 Your Spells              Type           Power        Failure   Level  Hunger
a - Mephitic Cloud        Conj/Pois/Air  #####...     0%          3    None
b - Poisonous Cloud       Conj/Pois/Air  #####.....   3%          6    ######.
c - Freezing Cloud        Conj/Ice/Air   #####.....   1%          6    ######.
d - Apportation           Tloc           ###.......   1%          1    None
e - Blink                 Tloc           N/A          1%          2    None
f - Ignite Poison         Fire/Trmt/Pois ###.....     1%          3    None
g - Cure Poison           Pois           ###.......   1%          2    None
h - Silence               Hex/Air        ####......   4%          5    ####...
i - Repel Missiles        Chrm/Air       ###...       1%          2    None
j - Song of Slaying       Chrm           #.......     11%         2    None
k - Iron Shot             Conj/Erth      #####.....   2%          6    ######.
l - Throw Icicle          Conj/Ice       #####...     0%          4    ##.....
m - Passage of Golubria   Tloc           N/A          5%          4    ##.....
n - Orb of Destruction    Conj           ######....   1%          7    #######
o - Infusion              Chrm           #...         7%          1    None


Dungeon Overview and Level Annotations

Branches:
Dungeon (15/15)            Temple (1/1) D:7            Lair (8/8) D:9
  Swamp (4/4) Lair:3       Spider (4/4) Lair:3        Slime (6/6) Lair:6
    Orc (4/4) D:11            Elf (3/3) Orc:3        Vaults (5/5) D:13
  Crypt (3/3) Vaults:3       Tomb (3/3) Crypt:3      Depths (5/5) D:15
   Hell (1/1)                 Dis (7/7) Hell            Geh (7/7) Hell
    Coc (7/7) Hell            Tar (7/7) Hell            Zot (5/5) Depths:5

Altars:
Ashenzari
Cheibriados
Dithmenos
Elyvilon
Fedhas
Gozag
Kikubaaqudgha
Makhleb
Nemelex Xobeh
Okawaru
Qazlal
Ru
Sif Muna
Trog
Vehumet
Xom
Yredelemnul
Zin
The Shining One
Beogh
Jiyva

Shops:
D:5 =   Orc:1 [   Orc:3 }   Orc:4 ([**   Elf:3 =   Vaults:1 [   Vaults:2 =
Depths:2 !(

Portals:
Hell: Lair:8 Depths:1 Depths:2 Depths:3 Depths:4 Depths:5
Abyss: Depths:1 Depths:4
Pandemonium: Depths:3 Depths:4
Ziggurat: Tomb:3

Annotations:
Vaults:4 1 exclusion
Depths:2 exclusion: hellion


Innate Abilities, Weirdness & Mutations

You are resistant to damage.
You can recharge devices by infusing magical energy.
You resist negative energy.
You passively map a large area around you.
You do not regenerate naturally.
You are partially covered in slimy green scales (AC +2).
You are partially covered in thin metallic scales (AC +2).
You tend to lose your temper in combat.
Scrolls take you a little longer to read.
Your magical capacity is low (-10% MP).
You are robust (+10% HP).
Your spells are a little easier to cast, but a little less powerful.
You expend magic power (3 MP) to strengthen your wands.


Message History

You see here a chunk of flesh.
Unknown command.
Eat a chunk of flesh? (ye/n/q/i?) This raw flesh tastes terrible.
The lorocyproca gives a chilling moan.
You continue eating.
The lorocyproca moves out of view.
You continue eating.
Read which item? (? for menu, Esc to quit)
Okay, then.
Casting: Song of Slaying
Confirm with . or Enter, or press ? or * to list all spells.
Aiming: Passage of Golubria
Press: ? - help, Dir - move target cursor You enter the passage of Golubria.
There is a passage of Golubria here.
There is an open door here.
As you close the door, it creaks loudly!
There is a staircase leading out of the dungeon here.
You have escaped!

#.# ###.########.## #.# #.# #.#
#.# ###.# #.# #.# #...# ##'##
###.# #...# ##...## #...# #...#
#.....## #..####
##############..##
......##########..#.....#..#...##
...............#@.###'###..#...'.
#...#.##########..+.....'..#...##
#..##.# #..####^.#..####..##
#.###.# #.##....###....#.## #.#
#.# #.##.....#.....#### #.###.#
#.##.#.⌠.#.⌠.#.#..# ......#
#.##.#.......#.##.# #.#####
#.##.###...###.##.### #.#
#.##...........#.....


There were no monsters in sight!

Vanquished Creatures
  Cerebov (Pan)
  Antaeus (Coc:7)
  the Royal Jelly (Slime:6)
  Asmodeus (Geh:7)
  Dissolution (Slime:3)
  Mnoleg (Pan)
  Ereshkigal (Tar:7)
  Gloorx Vloq (Pan)
  Lom Lobon (Pan)
  A seraph (Pan)
  the Serpent of Hell (Dis:7)
  Dispater (Dis:7)
  7 ancient liches
  8 orbs of fire
  Mara (Spider:2)
  Sojobo (Crypt:3)
  30 greater mummies
  3 iron giants
  Margery (Vaults:2)
  Saint Roka (Elf:3)
  9 shard shrikes
  Frederick (Tomb:2)
  3 Killer Klowns
  5 caustic shrikes (Depths:5)
  A curse toe (Zot:5)
  Geryon (Hell)
  2 pearl dragons (Pan)
  8 golden dragons
  2 profane servitors
  13 bone dragons
  Arachne (Spider:2)
  6 pandemonium lords
  17 liches
  6 electric golems
  14 tentacled monstrosities
  Jorgrun (Tomb:2)
  2 doom hounds (Tar:7)
  14 Ice Fiends
  5 Hell Sentinels (Dis:7)
  18 Brimstone Fiends
  22 Orb Guardians (Zot:5)
  4 quicksilver dragons
  10 Shadow Fiends
  5 titans
  24 acid blobs
  2 deep elf master archers (Elf:3)
  2 deep elf blademasters (Elf:3)
  20 Executioners
  17 ancient champions
  9 death cobs
  22 tentacled starspawn
  3 eldritch tentacles
  5 tengu reavers
  10 sphinxes
  Gastronok (D:9)
  2 thorn hunters
  Agnes (Spider:2)
  25 shadow dragons
  11 storm dragons
  11 revenants
  5 greater nagas
  9 draconian monks
  Wiglaf (Crypt:3)
  17 fire giants
  9 deep elf sorcerers
  13 frost giants
  Donald (Swamp:3)
  13 azure jellies
  6 draconian knights
  15 daevas (Pan)
  5 ghost moths
  5 draconian scorchers
  17 vault wardens
  8 iron dragons
  Aizul (Elf:2)
  Louise (Vaults:2)
  26 balrugs
  3 curse skulls
  4 ghouls
  7 emperor scorpions
  16 cacodemons
  A ghost moth (shapeshifter) (Zig:6)
  4 draconian zealots
  5 draconian shifters
  35 angels
  25 war gargoyles
  5 draconian annihilators
  2 deep elf elementalists (Abyss:3)
  6 warmongers
  18 ironheart preservers
  A juggernaut skeleton (Crypt:2)
  3 elemental wellsprings
  4 spriggan defenders
  47 reapers
  19 ophanim (Pan)
  26 very ugly things
  30 stone giants
  2 draconian callers
  7 lorocyprocas
  9 vampire knights
  A blood saint (Zig:12)
  4 deep elf demonologists
  35 apis (Pan)
  10 bennus
  9 green draconians
  Azrael (Spider:3)
  6 red draconians
  9 black draconians
  14 white draconians
  17 deep elf annihilators
  9 purple draconians
  14 salamander stormcallers
  A dire elephant (Lair:8)
  9 mottled draconians
  7 corrupters
  6 eidola
  6 chaos champions
  5 yellow draconians
  9 black suns
  10 crystal guardians
  7 deep elf death magi
  10 green deaths
  37 mummy priests
  32 vault guards
  3 kraken zombies
  4 death oozes
  6 deep elf high priests
  8 fire dragons
  4 entropy weavers
  6 jiangshi
  5 quicksilver dragon zombies
  16 yaktaur captains
  12 great orbs of eyes
  26 blizzard demons
  7 ettins
  23 hydras
  3 quicksilver dragon skeletons
  Harold (D:10)
  3 ghost crabs
  5 death knights
  5 hell beasts
  29 ice dragons
  A naga warrior (Zig:5)
  15 rakshasas
  4 monstrous demonspawn (Pan)
  A spectral sphinx (Zig:7)
  An anaconda (Zig:11)
  A catoblepas (D:14)
  Erica (D:9)
  9 centaur warriors
  A spectral frost giant (Crypt:3)
  48 small abominations
  8 spriggan air magi
  A queen ant (Spider:1)
  A spectral fire giant (Crypt:3)
  A spectral stone giant (Crypt:3)
  18 dancing weapons
  19 ogre magi
  An anaconda (shapeshifter) (Zig:1)
  12 alligators
  5 orc high priests
  9 deep troll shamans
  7 death yaks
  16 thrashing horrors
  20 hell hogs
  28 soul eaters
  2 spriggan berserkers
  9 deep troll earth magi
  5 tengu warriors
  15 vampire magi
  7 titan zombies
  18 iron golems
  2 shock serpents (Zig:11)
  50 sun demons
  4 titan skeletons
  2 salamander mystics
  2 storm dragon zombies
  16 deep elf knights
  13 iron trolls
  20 wretched stars
  A fire crab (Vaults:3)
  4 spatial maelstroms
  53 hell knights
  A death drake (Abyss:2)
  104 skeletal warriors
  10 anaconda zombies
  41 deep trolls
  2 golden dragon zombies
  2 naga ritualists (Zig:11)
  14 shadow demons
  A ghost moth zombie (Coc:7)
  A swamp dragon (Zig:10)
  8 wizards
  4 storm dragon skeletons
  18 cherubim (Pan)
  35 shadow wraiths
  17 death scarabs
  5 infernal demonspawn (Pan)
  5 torturous demonspawn
  6 gelid demonspawn
  5 shadow dragon zombies
  A spectral hydra (Crypt:3)
  6 putrid demonspawn (Pan)
  37 starcursed masses
  10 hill giants
  An ice statue (IceCv)
  An orange crystal statue (Zig:5)
  A harpy (shapeshifter) (Depths:4)
  4 shambling mangroves
  11 removed MONS_DEEP_ELF_SUMMONERs
  11 flayed ghosts
  3 unseen horrors
  2 golden dragon skeletons
  Pikel (D:5)
  2 harpies (Vaults:3)
  14 wolf spiders
  7 anaconda skeletons
  A hill giant (shapeshifter) (Elf:3)
  12 giant orange brains
  16 ironbrand convokers
  20 anubis guards
  A mana viper (Zig:11)
  7 wolf spider zombies
  19 removed MONS_DEEP_ELF_CONJURERs
  15 orb spiders
  11 fire giant zombies
  20 necromancers
  28 phantasmal warriors
  17 hornets
  A spectral ice dragon (Crypt:3)
  18 orc knights
  3 stone giant zombies
  5 frost giant zombies
  5 orc sorcerers
  7 cyclopes
  A mana viper (shapeshifter) (Vaults:4)
  A shadow dragon skeleton (Pan)
  19 sixfirhies
  7 iron dragon zombies
  27 ugly things
  A sphinx skeleton (Vaults:5)
  27 moths of wrath
  10 worldbinders
  14 black mambas
  12 salamanders
  2 manticores
  5 naga magi
  10 griffons
  5 guardian serpents
  6 fire giant skeletons
  5 iron dragon skeletons
  3 shining eyes
  49 smoke demons
  37 orange demons
  6 frost giant skeletons
  An eye of devastation (Slime:6)
  33 rust devils
  9 elephants
  18 vault sentinels
  3 dire elephant zombies
  2 torpor snails
  62 large abominations
  5 toenail golems
  5 apocalypse crabs
  2 shock serpent zombies
  5 storm dragon simulacra (Coc:7)
  Psyche (D:9)
  A gargoyle (D:15)
  3 titan simulacra (Coc:7)
  3 centaur skeletons
  12 molten gargoyles
  3 catoblepas zombies
  2 shock serpent skeletons
  6 stone giant skeletons
  2 elf skeletons (Vaults:5)
  9 dire elephant skeletons
  An emperor scorpion zombie (Tar:1)
  A pale draconian zombie (Crypt:1)
  65 yaktaurs
  An iron troll zombie (Dis:6)
  A redback zombie (D:15)
  17 efreet
  33 ice devils
  17 hellions
  10 komodo dragons
  22 spiny frogs
  55 guardian mummies
  The ghost of trantor the Chiller, an experienced HEIE of Okawaru (D:6)
  25 demonic crawlers
  3 human zombies
  A mottled draconian zombie (Crypt:2)
  A yaktaur (shapeshifter) (D:15)
  38 red devils
  A komodo dragon (shapeshifter) (Depths:3)
  7 anaconda simulacra
  43 hellwings
  11 ancient zymes
  A green draconian skeleton (Crypt:2)
  A rime drake (Lair:8)
  4 kobold demonologists
  40 freezing wraiths
  A mottled draconian skeleton (Crypt:2)
  2 spriggan druids
  A troll (shapeshifter) (Vaults:1)
  3 tengu conjurers
  2 polar bears (shapeshifter) (Vaults:1)
  13 polar bears
  19 tormentors
  A harpy zombie (Tar:1)
  An iron troll skeleton (Crypt:1)
  A queen bee (Spider:2)
  A merfolk (shapeshifter) (Depths:3)
  34 two-headed ogres
  A death drake zombie (Crypt:1)
  6 removed
  MONS_BLUE_DEVILs (Lair:8)
  18 removed MONS_DEEP_ELF_PRIESTs
  A tengu simulacrum (Vaults:3)
  14 wind drakes (Pan)
  12 hydra zombies
  15 jumping spiders
  A sea snake skeleton (Crypt:2)
  6 hydra skeletons
  11 trolls
  A removed MONS_TRAPDOOR_SPIDER zombie (D:14)
  A black draconian skeleton (Geh:7)
  Prince Ribbit (D:7)
  2 harpy skeletons
  13 blink frogs
  A ghost (D:15)
  10 boulder beetles
  A fire giant simulacrum (Vaults:3)
  30 raiju
  4 fire dragon zombies
  16 ushabtiu
  8 giant leeches
  4 ettin zombies
  13 bog bodies
  2 ice dragon zombies
  A slime creature (shapeshifter) (Elf:3)
  9 alligator zombies
  A jumping spider (shapeshifter) (Depths:1)
  13 air elementals
  A stone giant simulacrum (Abyss:3)
  2 wyverns (Lair:5)
  A removed MONS_TRAPDOOR_SPIDER (shapeshifter) (Vaults:4)
  18 removed MONS_TRAPDOOR_SPIDERs
  119 flying skulls
  5 ice dragon skeletons
  23 shadows
  30 deep elf magi
  2 tarantellas (shapeshifter) (Vaults:4)
  2 black mamba zombies
  9 ettin skeletons
  29 ynoxinuls
  124 slime creatures
  3 fire dragon skeletons
  2 vampires
  A redback (shapeshifter) (Depths:5)
  11 spriggans
  A dire elephant simulacrum (Coc:2)
  A griffon skeleton (Crypt:3)
  15 fire elementals
  6 water elementals
  35 wraiths
  An alligator skeleton (Coc:4)
  39 redbacks
  A hippogriff (shapeshifter) (Vaults:3)
  6 humans (Volcano)
  11 fire bats
  Eustachio (D:4)
  4 basilisks
  25 neqoxecs
  33 yaks
  9 hungry ghosts
  39 removed MONS_DEEP_ELF_FIGHTERs
  26 vampire mosquitoes
  10 hippogriffs
  23 tarantellas
  A swamp worm simulacrum (Swamp:4)
  A spectral spiny frog (Crypt:3)
  5 golden eyes
  2 mottled dragons
  A mottled dragon (shapeshifter) (Vaults:3)
  17 wolves
  5 spatial vortices
  2 wargs (shapeshifter)
  Edmund (D:5)
  25 chaos spawn
  3 nagas
  17 swamp worms
  5 wargs
  22 insubstantial wisps
  7 soldier ants
  An infernal demonspawn skeleton (Tar:6)
  19 porcupines
  7 spiny frog zombies
  20 water moccasins
  64 orc warriors
  A black bear (shapeshifter) (Depths:4)
  21 hydra simulacra
  3 spiny frog skeletons
  79 hell hounds
  6 swamp drakes
  9 ice beasts
  27 spiders
  A torturous demonspawn skeleton (Crypt:3)
  2 black bears
  A slave (D:4)
  2 snapping turtle zombies
  22 wasps
  11 eyes of draining
  An ice dragon simulacrum (Tomb:2)
  10 phantoms
  4 sky beasts
  2 swamp dragon zombies
  An elephant zombie (Lair:4)
  An elf simulacrum (Depths:4)
  15 crocodiles
  3 boggarts (Depths:1)
  22 necrophages
  4 snapping turtle skeletons
  A swamp dragon skeleton (Tar:3)
  83 ogres
  10 centaurs
  A komodo dragon zombie (Lair:4)
  18 giant frogs
  An earth elemental (Abyss:3)
  3 big kobolds
  4 removed
  MONS_BRAIN_WORMs (Spider:3)
  A rime drake skeleton (Crypt:2)
  A gnoll sergeant (D:9)
  A deep troll simulacrum (Vaults:2)
  A yaktaur skeleton (Crypt:1)
  A cyclops skeleton (Crypt:3)
  35 killer bees
  5 scorpions
  2 troll zombies (Swamp:2)
  54 wights
  An orc simulacrum (Vaults:2)
  2 warg skeletons
  A troll skeleton (Swamp:2)
  A yak skeleton (Crypt:3)
  10 electric eels
  5 centaur zombies
  A yaktaur simulacrum (Vaults:1)
  29 jellies
  2 giant frog zombies
  9 quasits
  56 orc priests
  6 hounds
  23 crimson imps
  2 gnoll shamans
  Crazy Yiuf (D:5)
  A basilisk zombie (Lair:4)
  19 iron imps
  18 hell rats
  2 human skeletons
  Jessica (D:2)
  2 giant frog skeletons
  4 iguanas
  2 lightning spires
  A basilisk skeleton (Crypt:2)
  33 orc wizards
  14 worker ants
  36 sheep
  A crocodile zombie (Lair:4)
  A removed MONS_BRAIN_WORM zombie (Crypt:3)
  A big kobold zombie (Crypt:3)
  A tengu zombie (Coc:5)
  A tengu skeleton (Pan)
  2 naga skeletons
  A hound skeleton (D:9)
  52 mummies
  A worker ant zombie (D:9)
  35 river rats
  18 gnolls
  8 adders
  A river rat (shapeshifter) (Vaults:3)
  15 shadow imps
  A steam dragon skeleton (Crypt:3)
  23 white imps
  7 swamp drake simulacra (Swamp:4)
  9 ufetubi
  A halfling zombie (Crypt:2)
  An adder skeleton (D:9)
  2 worms
  9 ball lightnings (Pan)
  5 giant geckos
  226 orcs
  2 ball pythons
  16 bats
  2 bat skeletons
  4 giant cockroaches
  27 goblins
  21 hobgoblins
  8 jackals
  21 kobolds
  7 quokkas
  A ball python zombie (Crypt:1)
  A giant cockroach zombie (Crypt:2)
  A giant gecko skeleton (D:9)
  A giant newt (D:2)
  A goblin skeleton (Crypt:3)
  An orc zombie (Dis:5)
  A quokka zombie (D:9)
  42 rats
  A butterfly (Lair:1)
  4 crawling corpses
  12 fire vortices
  2 fungi
  A lost soul (Crypt:2)
  6 plants
  25 starspawn tentacles
  5 tentacles
5721 creatures vanquished.

Vanquished Creatures (collateral kills)
  Rupert (Orc:3)
  A Hell Sentinel (Pan)
  An Orb Guardian (Zot:5)
  An acid blob (Slime:1)
  A tengu reaver (Depths:5)
  A warmonger (Zot:5)
  2 balrugs (Pan)
  A black sun (Zot:5)
  A spriggan defender (Depths:4)
  An ironheart preserver (Vaults:1)
  A reaper (Geh:7)
  3 slime creatures (Slime:3)
  A lorocyproca (Pan)
  Snorg (D:10)
  A fire dragon (Depths:4)
  A great orb of eyes (Depths:5)
  An entropy weaver (Spider:2)
  A spriggan air mage (Depths:4)
  A deep troll earth mage (Depths:1)
  An iron golem (Dis:7)
  A death yak (IceCv)
  2 sun demons (Pan)
  A soul eater (Zig:7)
  4 deep trolls
  A shadow wraith (Zig:7)
  An orc knight (Orc:4)
  5 orb spiders
  4 wolf spiders (Spider:2)
  A mana viper (Zig:5)
  A smoke demon (Pan)
  A demonic crawler (Spider:2)
  2 yaktaurs (Depths:4)
  A hellwing (Zot:5)
  An ancient zyme (Zig:8)
  A jumping spider (Spider:1)
  5 polar bears (IceCv)
  A raiju (Zig:8)
  2 spriggans (Depths:4)
  A yak (IceCv)
  An air elemental (Depths:2)
  3 removed
  MONS_TRAPDOOR_SPIDERs (Spider:2)
  2 flying skulls (Tomb:1)
  2 spiders (Spider:2)
  A wasp (Depths:4)
  An electric eel (Spider:2)
  2 jellies (Slime:3)
  An orc wizard (Orc:3)
  A mummy (Tomb:1)
  A gnoll (D:10)
  An ufetubus (Zot:5)
  2 orcs (Orc:3)
77 creatures vanquished.

Vanquished Creatures (others)
  Nikola (Vaults:2)
  A lich (Crypt:3)
  An eldritch tentacle (Tar:1)
  A sphinx (Vaults:5)
  A frost giant (Coc:7)
  A draconian knight (Zot:4)
  A vault warden (Vaults:4)
  An emperor scorpion (Spider:2)
  2 fire giants
  2 ironheart preservers
  A deep elf demonologist (Vaults:5)
  2 salamander stormcallers
  A lorocyproca (Depths:1)
  A deep elf death mage (Vaults:5)
  A deep elf high priest (Vaults:5)
  A rakshasa (Abyss:2)
  A fire dragon (Depths:5)
  2 large abominations
  An entropy weaver (Spider:1)
  An ice dragon (Coc:7)
  2 ogre magi
  A ghost crab (Swamp:4)
  A deep troll shaman (Depths:1)
  A titan zombie (Geh:7)
  2 deep trolls (Depths:1)
  39 death scarabs (Tomb:2)
  A skeletal warrior (Tomb:2)
  12 ball lightnings
  A removed MONS_DEEP_ELF_SUMMONER (Vaults:4)
  2 wizards
  2 ironbrand convokers (Vaults:4)
  A necromancer (Crypt:1)
  A giant orange brain (Depths:2)
  A wolf spider (Spider:4)
  A cyclops (D:14)
  A vault sentinel (Vaults:4)
  A molten gargoyle (Geh:7)
  A black mamba (Zig:5)
  5 yaktaurs
  A tormentor (Zot:5)
  A demonic crawler (Spider:2)
  A freezing wraith (Vaults:5)
  3 red devils
  A two-headed ogre (Vaults:2)
  A giant leech (Swamp:4)
  A polar bear (IceCv)
  A wind drake (Pan)
  A boulder beetle (Spider:3)
  A removed MONS_TRAPDOOR_SPIDER (Spider:1)
  5 flying skulls (Tomb:3)
  A spriggan (Swamp:3)
  A redback (Spider:4)
  A ynoxinul (Zot:5)
  An air elemental (Depths:5)
  A water elemental (Coc:7)
  A deep elf mage (Elf:1)
  A neqoxec (Zig:8)
  A wolf (IceCv)
  2 removed MONS_DEEP_ELF_FIGHTERs
  A swamp worm (Swamp:4)
  A deep troll zombie (Vaults:5)
  A naga (Pan)
  2 hell hounds (Hell)
  A wasp (Swamp:3)
  2 spiders
  3 ogres
  3 centaurs (Depths:2)
  A wyvern skeleton (D:14)
  A small abomination (Zot:5)
  A jelly (Abyss:3)
  2 orc priests
  2 worker ants
  A mummy (Tomb:2)
  A shadow imp (Zot:5)
  2 orcs (Orc:4)
  2 blocks of ice (Zot:5)
  27 bushes
  2 demonic plants
  242 eldritch tentacle segments
  6 fire vortices
  15 fungi
  5 lost souls
  2 lurking horrors (Abyss:3)
  14 plants
  40 starspawn tentacles
  344 starspawn tentacle segments
  9 tentacles
  156 tentacle segments
1016 creatures vanquished.

Grand Total: 6814 creatures vanquished

Notes
Turn   | Place    | Note
--------------------------------------------------------------
     0 | D:1      | UristPineapples the Deep Dwarf Fighter began the quest for the Orb.
     0 | D:1      | Reached XP level 1. HP: 20/20 MP: 1/1
   130 | D:1      | Reached XP level 2. HP: 25/28 MP: 2/2
   899 | D:2      | Reached XP level 3. HP: 30/34 MP: 3/3
   950 | D:2      | Noticed Jessica
   959 | D:2      | Found a white marble altar of Elyvilon.
   969 | D:2      | Killed Jessica
  1019 | D:2      | Found a bloodstained altar of Trog.
  1227 | D:2      | Found a glowing silver altar of Zin.
  1248 | D:2      | Found an ancient bone altar of Kikubaaqudgha.
  1573 | D:3      | Reached XP level 4. HP: 32/42 MP: 4/4
  2014 | D:3      | Reached XP level 5. HP: 28/50 MP: 5/5
  2334 | D:4      | Reached skill level 5 in Axes
  2347 | D:4      | Found a radiant altar of Vehumet.
  2348 | D:4      | Found a shadowy altar of Dithmenos.
  2434 | D:4      | Noticed an ogre
  2454 | D:4      | Killed an ogre
  2524 | D:4      | Reached XP level 6. HP: 35/57 MP: 6/6
  3039 | D:5      | Entered Level 5 of the Dungeon
  3039 | D:5      | Noticed Eustachio
  3113 | D:5      | Reached skill level 1 in Evocations
  3167 | D:4      | Killed Eustachio
  3167 | D:4      | Reached XP level 7. HP: 42/66 MP: 6/8
  3536 | D:5      | Reached skill level 5 in Armour
  3553 | D:5      | Found Caifach's Jewellery Emporium.
  3561 | D:5      | Noticed Pikel
  3578 | D:5      | Killed Pikel
  3578 | D:5      | Reached skill level 5 in Fighting
  3578 | D:5      | Reached XP level 8. HP: 54/75 MP: 8/11
  3584 | D:5      | Bought a cursed ring of loudness for 58 gold pieces
  3651 | D:5      | Noticed Edmund
  3676 | D:5      | Killed Edmund
  3729 | D:5      | Noticed Crazy Yiuf
  3745 | D:5      | Killed Crazy Yiuf
  3745 | D:5      | Reached skill level 5 in Evocations
  3856 | D:5      | Reached skill level 1 in Dodging
  3860 | D:5      | Gained mutation: You are robust (+10% HP). [mutagenic meat]
  3861 | D:5      | Gained mutation: You are very robust (+20% HP). [mutagenic meat]
  3862 | D:5      | Gained mutation: You passively map the area around you. [mutagenic meat]
  4095 | D:5      | Got an ichor-stained war axe
  4099 | D:5      | Identified the +7 war axe of Resourcefulness {vamp, MP+9 Int+4} (You found it on level 5 of the Dungeon)
  4482 | D:6      | Gained mutation: You passively map a large area around you. [Deep Dwarf growth]
  4482 | D:6      | Reached XP level 9. HP: 102/102 MP: 13/13
  4585 | D:6      | Noticed trantor's ghost (experienced HEIE)
  4600 | D:6      | Killed trantor's ghost
  4600 | D:6      | Reached skill level 5 in Dodging
  5442 | D:7      | Noticed Prince Ribbit
  5511 | D:7      | Found a staircase to the Ecumenical Temple.
  5526 | Temple   | Entered the Ecumenical Temple
  5725 | Temple   | Became a worshipper of Makhleb the Destroyer
  6010 | D:7      | Killed Prince Ribbit
  6052 | D:7      | Gained mutation: You are weak. (Str -2) [mutagenic meat]
  6054 | D:7      | Lost mutation: You are weak. (Str -2) [mutagenic meat]
  6593 | D:8      | Found a deep blue altar of Sif Muna.
  6681 | D:8      | Reached piety under Makhleb
  6776 | D:8      | Reached skill level 1 in Invocations
  6776 | D:8      | Reached XP level 10. HP: 112/112 MP: 16/16
  7269 | D:9      | Noticed Erica
  7289 | D:9      | Killed Erica
  7330 | D:9      | Reached * piety under Makhleb
  7474 | D:9      | Reached skill level 5 in Invocations
  7496 | D:9      | Noticed Gastronok
  7528 | D:9      | Killed Gastronok
  7563 | D:9      | Found a staircase to the Lair.
  7650 | D:9      | Noticed Psyche
  7663 | D:9      | Killed Psyche
  7664 | D:9      | Reached XP level 11. HP: 124/124 MP: 17/17
  7837 | D:9      | Reached ** piety under Makhleb
  7953 | D:10     | Entered Level 10 of the Dungeon
  8020 | D:10     | Noticed Harold
  8054 | D:10     | Killed Harold
  8149 | D:10     | Noticed Snorg
  8197 | D:10     | Killed Snorg
  8776 | D:11     | Noticed a hill giant
  8780 | D:11     | Killed a hill giant
  8780 | D:11     | Reached skill level 10 in Axes
  8887 | D:11     | Reached *** piety under Makhleb
  8958 | D:11     | Found a staircase to the Orcish Mines.
  9081 | D:11     | Noticed a wizard
  9088 | D:11     | Killed a wizard
  9386 | D:11     | Noticed a hill giant
  9593 | D:11     | Reached skill level 10 in Invocations
  9831 | D:11     | Reached **** piety under Makhleb
 10219 | D:5      | Bought the ring "Dofi" {MR+ Int+2 Dex+3} for 552 gold pieces
 10878 | D:11     | Reached XP level 12. HP: 136/139 MP: 18/18
 10953 | Orc:1    | Entered Level 1 of the Orcish Mines
 10990 | Orc:1    | Found Mablepubb's Armour Boutique.
 11387 | Orc:1    | Found a roughly hewn altar of Beogh.
 11655 | Orc:2    | Found a burning altar of Makhleb.
 11729 | Orc:2    | Reached skill level 10 in Fighting
 12275 | Orc:3    | Found Qaneut's Gadget Shoppe.
 12275 | Orc:3    | Found a frozen archway.
 12305 | IceCv    | Entered an ice cave
 12327 | IceCv    | Reached skill level 10 in Armour
 12776 | IceCv    | Noticed a frost giant
 12945 | Orc:3    | Found a staircase to the Elven Halls.
 13101 | Orc:3    | Found a roughly hewn altar of Beogh.
 13368 | Orc:3    | Noticed Rupert
 13384 | Orc:3    | Killed Rupert
 13384 | Orc:3    | Reached XP level 13. HP: 69/151 MP: 21/21
 13631 | Orc:4    | Entered Level 4 of the Orcish Mines
 14613 | Orc:3    | Reached skill level 10 in Dodging
 15138 | Orc:4    | Found Erchis's Assorted Antiques.
 15138 | Orc:4    | Found Inosuc's Antique Weapon Shoppe.
 15139 | Orc:4    | Found Plog's Assorted Antiques.
 15139 | Orc:4    | Found Hizuw's Armour Emporium.
 15149 | Orc:4    | Bought a scroll labeled LAENIR LYLORU for 21 gold pieces
 15149 | Orc:4    | Bought a lumpy yellow potion for 18 gold pieces
 15150 | Orc:4    | Bought a scroll of remove curse for 72 gold pieces
 15150 | Orc:4    | Bought a dark potion for 21 gold pieces
 15150 | Orc:4    | Bought a scroll of identify for 48 gold pieces
 15150 | Orc:4    | Bought a scroll of identify for 48 gold pieces
 15150 | Orc:4    | Bought a potion of heal wounds for 120 gold pieces
 15156 | Orc:4    | Bought a +2 plate armour of positive energy for 481 gold pieces
 15457 | D:11     | Killed a hill giant
 15523 | Lair:1   | Entered Level 1 of the Lair of Beasts
 15794 | Lair:1   | Identified a +0 rod of clouds (9/9) (You found it in an ice cave)
 16262 | Lair:2   | Learned a level 3 spell: Mephitic Cloud
 16269 | Lair:2   | Learned a level 6 spell: Poisonous Cloud
 16941 | Lair:3   | Found a hole to the Spider Nest.
 17140 | Lair:3   | Found a staircase to the Swamp.
 17775 | Lair:4   | Got a fine hand axe
 17776 | Lair:4   | Identified the cursed +3 hand axe "Sarcophage" {chop, rF+} (You found it on level 4 of the Lair of Beasts)
 17881 | Lair:4   | Gained mutation: You resist negative energy. [Deep Dwarf growth]
 17881 | Lair:4   | Reached XP level 14. HP: 163/163 MP: 21/21
 19290 | Lair:6   | Found a viscous altar of Jiyva.
 19290 | Lair:6   | Found a staircase to the Slime Pits.
 19535 | Lair:6   | Found a dark tunnel.
 19544 | Volcano  | Entered a volcano
 19773 | Volcano  | Identified a scroll of acquirement
 19774 | Volcano  | Got a dazzling shield
 19785 | Volcano  | Identified the +5 shield "Daptun" {rElec rC- Int+5} (You acquired it in a volcano)
 20632 | Lair:7   | Reached skill level 10 in Evocations
 21247 | Lair:8   | Entered Level 8 of the Lair of Beasts
 21893 | Lair:8   | Found a burning altar of Makhleb.
 21986 | Lair:8   | Reached XP level 15. HP: 175/175 MP: 22/22
 21998 | Lair:8   | Reached skill level 5 in Shields
 22029 | Lair:8   | Found a gateway to Hell.
 22965 | D:9      | Lost mutation: You passively map a large area around you. [mutagenic meat]
 22966 | D:9      | Gained mutation: You are occasionally teleported next to monsters. [mutagenic meat]
 22967 | D:9      | Gained mutation: Your spells are a little easier to cast, but a little less powerful. [mutagenic meat]
 22968 | D:9      | Gained mutation: You can spit weak poison. [mutagenic meat]
 23200 | D:5      | Bought an uncursed ring of poison resistance for 260 gold pieces
 23461 | D:10     | Noticed a hill giant
 23470 | D:10     | Killed a hill giant
 24137 | D:12     | Gained mutation: You are dopey. (Int -2) [mutagenic meat]
 24908 | D:13     | Found a gate to the Vaults.
 25608 | D:14     | Reached skill level 10 in Shields
 26136 | D:15     | Entered Level 15 of the Dungeon
 26569 | D:15     | Found a staircase to the Depths.
 26924 | D:15     | Upgraded the game from 0.17-a0-1504-gb7d9117 to 0.17-a0-1508-ge7f3dc3
 27197 | Spider:1 | Entered Level 1 of the Spider Nest
 27370 | Orc:1    | Bought a +1 pair of boots of running for 511 gold pieces
 27663 | Lair:3   | Reached XP level 16. HP: 181/189 MP: 23/23
 27742 | Swamp:1  | Entered Level 1 of the Swamp
 28533 | Orc:4    | Bought a runed battleaxe for 136 gold pieces
 29789 | Swamp:2  | Learned a level 6 spell: Freezing Cloud
 29803 | Swamp:2  | You fall through a shaft!
 30074 | Swamp:3  | Noticed Donald
 30106 | Swamp:3  | Killed Donald
 30826 | Swamp:4  | Entered Level 4 of the Swamp
 31465 | Swamp:4  | Got a polished scale mail
 31481 | Swamp:4  | Identified the +4 scale mail of Somonn {rF+} (You found it on level 4 of the Swamp)
 31573 | Swamp:4  | Reached skill level 15 in Fighting
 31753 | Swamp:4  | Got a decaying rune of Zot
 31958 | Swamp:1  | Reached XP level 17. HP: 204/204 MP: 24/24
 32076 | Lair:3   | Upgraded the game from 0.17-a0-1508-ge7f3dc3 to 0.17-a0-1646-geb1493d
 32244 | Elf:1    | Entered Level 1 of the Elven Halls
 33111 | Elf:1    | Upgraded the game from 0.17-a0-1646-geb1493d to 0.17-a0-1763-g847a857
 33340 | Elf:2    | Noticed Aizul
 33884 | Elf:2    | Found a runed gate.
 33884 | Elf:2    | Found a runed gate.
 33885 | Elf:2    | Found a runed gate.
 33968 | Elf:2    | Killed Aizul
 33974 | Elf:2    | Gained mutation: You are agile. (Dex +2) [mutagenic meat]
 34047 | Elf:2    | Lost mutation: You are very robust (+20% HP). [potion of cure mutation]
 34047 | Elf:2    | Lost mutation: You are agile. (Dex +2) [potion of cure mutation]
 34047 | Elf:2    | Lost mutation: Your spells are a little easier to cast, but a little less powerful. [potion of cure mutation]
 34047 | Elf:2    | Lost mutation: You can spit weak poison. [potion of cure mutation]
 34836 | Spider:1 | Reached skill level 15 in Armour
 35659 | Spider:2 | Noticed Agnes
 35669 | Spider:2 | Noticed Arachne
 35682 | Spider:2 | Killed Agnes
 35720 | Spider:2 | Killed Arachne
 35963 | Spider:2 | Gained mutation: You passively map a large area around you. [Deep Dwarf growth]
 35963 | Spider:2 | Reached XP level 18. HP: 196/199 MP: 25/25
 36456 | Spider:3 | Noticed Mara
 36466 | Spider:3 | Noticed UristPineapples's illusion
 36514 | Spider:3 | Got a fabulously ornate robe
 36515 | Spider:3 | Identified the cursed +1 robe "Neobrad" {rElec rPois rF+} (You found it on level 3 of the Spider Nest)
 36664 | Spider:3 | Noticed UristPineapples's illusion
 36926 | Spider:3 | Noticed UristPineapples's illusion
 37361 | Orc:4    | Bought a lead wand for 96 gold pieces
 37740 | Depths:1 | Entered Level 1 of the Depths
 37805 | Depths:1 | Gained mutation: You can spit weak poison. [mutagenic meat]
 38317 | Depths:1 | Got a scorched ring mail
 38318 | Depths:1 | Identified the cursed +0 ring mail of the Ten Cities {rPois MR+} (You found it on level 1 of the Depths)
 38717 | Depths:1 | Found a one-way gate to the infinite horrors of the Abyss.
 39251 | Depths:2 | Reached skill level 15 in Dodging
 39327 | Depths:2 | Found Wupnoxel's Distillery.
 39332 | Depths:2 | Bought a potion of curing for 57 gold pieces
 39332 | Depths:2 | Bought a potion of curing for 57 gold pieces
 39332 | Depths:2 | Bought 2 potions of curing for 114 gold pieces
 39332 | Depths:2 | Bought a potion of haste for 190 gold pieces
 39332 | Depths:2 | Bought 2 potions of haste for 380 gold pieces
 39332 | Depths:2 | Bought a potion of heal wounds for 95 gold pieces
 39332 | Depths:2 | Bought a potion of mutation for 47 gold pieces
 39332 | Depths:2 | Bought a potion of magic for 152 gold pieces
 39332 | Depths:2 | Bought a potion of ambrosia for 152 gold pieces
 39332 | Depths:2 | Bought a potion of lignification for 57 gold pieces
 39333 | Depths:2 | Gained mutation: Your body sometimes deteriorates upon taking damage. [potion of mutation]
 39333 | Depths:2 | Lost mutation: Your body sometimes deteriorates upon taking damage. [potion of mutation]
 39571 | Depths:2 | Found Jyenaj's Antique Weapon Shop.
 39936 | Depths:2 | Noticed a lich
 39937 | Depths:2 | Noticed a lich
 39946 | Depths:2 | Killed a lich
 39954 | Depths:2 | Killed a lich
 39974 | Depths:2 | Identified the Catalogue of Hexes
 40579 | Depths:3 | Reached XP level 19. HP: 212/212 MP: 26/26
 40691 | Depths:3 | Gained mutation: Your body sometimes deteriorates upon taking damage. [mutagenic meat]
 40872 | Depths:3 | Found a one-way gate leading to the halls of Pandemonium.
 41069 | Depths:3 | Gained mutation: You are surrounded by a mild repulsion field (EV +2). [mutagenic meat]
 41070 | Depths:3 | Lost mutation: You are dopey. (Int -2) [mutagenic meat]
 41242 | Depths:3 | Reached skill level 15 in Shields
 41277 | Depths:3 | Got a bloodstained ring mail
 41278 | Depths:3 | Identified the +6 ring mail "Himubocei" {MR+} (You found it on level 3 of the Depths)
 41474 | Depths:3 | Reached skill level 1 in Conjurations
 41861 | Depths:4 | You fall through a shaft!
 41861 | Depths:5 | Entered Level 5 of the Depths
 41875 | Depths:5 | Noticed a caustic shrike
 41905 | Depths:5 | Killed a caustic shrike
 41995 | Depths:4 | Reached skill level 5 in Conjurations
 42242 | Depths:4 | Found a gateway to a ziggurat.
 42293 | Depths:4 | Reached skill level 1 in Air Magic
 42476 | Depths:4 | Gained mutation: Your magical capacity is low (-10% MP). [mutagenic meat]
 42477 | Depths:4 | Lost mutation: Your magical capacity is low (-10% MP). [mutagenic meat]
 42561 | Depths:4 | Gained mutation: Your spells are a little easier to cast, but a little less powerful. [mutagenic meat]
 42564 | Depths:4 | Gained mutation: You are agile. (Dex +2) [mutagenic meat]
 42565 | Depths:4 | Gained mutation: You are partially covered in rough black scales (AC +4, Dex -1). [mutagenic meat]
 42567 | Depths:4 | Gained mutation: You are very agile. (Dex +4) [mutagenic meat]
 42568 | Depths:4 | Gained mutation: You have a pair of small antennae on your head. [mutagenic meat]
 42646 | Depths:4 | Reached skill level 5 in Air Magic
 42780 | Depths:3 | Gained mutation: You can spit poison. [mutagenic meat]
 42781 | Depths:3 | Lost mutation: You are very agile. (Dex +4) [mutagenic meat]
 42785 | Depths:3 | Lost mutation: Your body sometimes deteriorates upon taking damage. [mutagenic meat]
 42930 | Depths:4 | Noticed a golden dragon
 42952 | Depths:4 | Killed a golden dragon
 42952 | Depths:4 | Reached XP level 20. HP: 221/221 MP: 17/27
 43055 | Depths:4 | Got an uncursed polished great sword {flame}
 43056 | Depths:4 | Identified the +10 great sword of Extermination {flame, rC++} (You took it off a yaktaur on level 4 of the Depths)
 43404 | Depths:4 | Reached skill level 1 in Spellcasting
 43603 | Depths:4 | Learned a level 1 spell: Apportation
 43606 | Depths:4 | Learned a level 2 spell: Blink
 44069 | Depths:5 | Noticed a lich
 44092 | Depths:5 | Killed a lich
 44201 | Depths:5 | Noticed a caustic shrike
 44203 | Depths:5 | Noticed a caustic shrike
 44203 | Depths:5 | Noticed a caustic shrike
 44209 | Depths:5 | Noticed a caustic shrike
 44546 | Depths:5 | Reached skill level 5 in Spellcasting
 44548 | Depths:5 | Killed a caustic shrike
 44568 | Depths:5 | Killed a caustic shrike
 44577 | Depths:5 | Killed a caustic shrike
 44602 | Depths:5 | Noticed a bone dragon
 44607 | Depths:5 | Killed a caustic shrike
 44623 | Depths:5 | Killed a bone dragon
 44642 | Depths:5 | Reached skill level 1 in Poison Magic
 44706 | Depths:5 | Gained mutation: You are somewhat resistant to further mutation. [mutagenic meat]
 44714 | Depths:5 | Lost mutation: You are agile. (Dex +2) [mutagenic meat]
 44944 | Depths:5 | Found a gate to the Realm of Zot.
 45898 | Spider:3 | Reached skill level 5 in Poison Magic
 46063 | Spider:3 | Noticed UristPineapples's illusion
 46135 | Spider:2 | Noticed UristPineapples's illusion
 46219 | Spider:3 | Noticed Azrael
 46238 | Spider:3 | Killed Azrael
 46504 | Lair:1   | Learned a level 3 spell: Ignite Poison
 46651 | Vaults:1 | Entered Level 1 of the Vaults
 46651 | Vaults:1 | Found Reajatid's Antique Armour Boutique.
 46658 | Vaults:1 | Bought a dazzling plate armour for 1204 gold pieces
 46668 | Vaults:1 | Identified the +8 plate armour of Death Resistance {rPois rN+} (You bought it in a shop on level 1 of the Vaults)
 47100 | Vaults:1 | Reached XP level 21. HP: 219/228 MP: 1/29
 47159 | Vaults:1 | Reached skill level 1 in Fire Magic
 47166 | Vaults:1 | Lost mutation: You are robust (+10% HP). [mutagenic meat]
 47338 | Vaults:1 | Gained mutation: You are partially covered in large bone plates (AC +2, SH +2). [mutagenic meat]
 47339 | Vaults:1 | Gained mutation: Your body sometimes deteriorates upon taking damage. [mutagenic meat]
 47345 | Vaults:1 | Gained mutation: You are weak. (Str -2) [mutagenic meat]
 48137 | Vaults:1 | Reached skill level 5 in Fire Magic
 48408 | Vaults:2 | Noticed Margery
 48452 | Vaults:1 | Gained mutation: Your body often deteriorates upon taking damage. [mutagenic meat]
 48455 | Vaults:1 | Lost mutation: You have a pair of small antennae on your head. [mutagenic meat]
 48612 | Vaults:2 | Killed Margery
 48684 | Vaults:2 | Found Ytae's Jewellery Emporium.
 48697 | Vaults:2 | Learned a level 2 spell: Cure Poison
 48768 | Vaults:2 | Reached skill level 1 in Transmutations
 49071 | Vaults:2 | Noticed Nikola
 49098 | Vaults:2 | Killed Nikola
 49133 | Vaults:2 | Got a crystal scimitar
 49134 | Vaults:2 | Identified the +7 scimitar of Light {drain, *Corrode rElec Int+3} (You found it on level 2 of the Vaults)
 49137 | Vaults:2 | Noticed Louise
 49184 | Vaults:2 | Killed Louise
 49299 | Vaults:2 | Reached skill level 5 in Transmutations
 50832 | Vaults:3 | Reached skill level 15 in Axes
 50839 | Vaults:3 | Reached XP level 22. HP: 218/218 MP: 14/30
 51719 | Vaults:3 | Found a staircase to the Crypt.
 51719 | Vaults:3 | Found a basalt altar of Yredelemnul.
 51720 | Vaults:3 | Found an ancient bone altar of Kikubaaqudgha.
 52055 | Vaults:3 | Lost mutation: You are weak. (Str -2) [mutagenic meat]
 52591 | Vaults:4 | Lost mutation: You can spit poison. [potion of mutation]
 53991 | Spider:2 | Noticed UristPineapples's illusion
 53994 | Spider:2 | Killed Mara
 54014 | Spider:4 | Entered Level 4 of the Spider Nest
 55040 | Spider:4 | Reached XP level 23. HP: 225/225 MP: 2/33
 55082 | Spider:4 | Got a gossamer rune of Zot
 55146 | Spider:4 | Upgraded the game from 0.17-a0-1763-g847a857 to 0.17-a0-1767-gccbed74
 55514 | Elf:3    | Entered Level 3 of the Elven Halls
 55606 | Elf:3    | Found Zueptid's Jewellery Shop.
 56108 | Elf:3    | Noticed Saint Roka
 56153 | Elf:3    | Killed Saint Roka
 57648 | Elf:3    | Got a scorched bronze amulet
 57649 | Elf:3    | Identified the amulet of Xyifu Noyps {Faith rElec Str+2 Dex+4} (You took it off a deep elf annihilator on level 3 of the Elven Halls)
 58224 | Elf:3    | Got a coiled amber ring
 58225 | Elf:3    | Identified the ring of Ejir {Ice MP+9} (You took it off a deep elf sorcerer on level 3 of the Elven Halls)
 58351 | Elf:3    | Got a dazzling scale mail
 58352 | Elf:3    | Identified the +3 scale mail of Absence {rPois rF+ Str+3} (You took it off a deep elf blademaster on level 3 of the Elven Halls)
 59193 | Elf:3    | Got a pitted chain mail
 59194 | Elf:3    | Identified the cursed +1 chain mail "Dusmih" {Regen+} (You took it off a deep elf blademaster on level 3 of the Elven Halls)
 59392 | Elf:3    | Identified the Catalogue of Talismans and Blows and Bruises
 59410 | Elf:3    | Learned a level 5 spell: Silence
 59434 | Elf:3    | Got a translucent ring mail
 59435 | Elf:3    | Identified the +2 ring mail of Royxze {MP+9 Str+2 Int+3} (You found it on level 3 of the Elven Halls)
 59833 | Vaults:2 | Bought the ring "Bideupul" {SustAt Str+2 Dex+4 SInv} for 660 gold pieces
 59882 | Vaults:1 | Bought a runed shield for 193 gold pieces
 60047 | Vaults:5 | Entered Level 5 of the Vaults
 60201 | Vaults:4 | Gained mutation: Your magical capacity is low (-10% MP). [mutagenic meat]
 60284 | Vaults:5 | Noticed an ancient lich
 61039 | Vaults:4 | Killed an ancient lich
 61175 | Vaults:4 | Reached XP level 24. HP: 235/235 MP: 15/29
 62156 | Vaults:5 | Identified Itogox's Grimoire of Calling (You found it on level 5 of the Vaults)
 62164 | Vaults:5 | Got a distressingly furry swamp dragon armour
 62165 | Vaults:5 | Identified the +4 swamp dragon armour of Xehirr {rPois rF+} (You found it on level 5 of the Vaults)
 62219 | Vaults:5 | Got a silver rune of Zot
 62224 | Vaults:5 | Got a warped cloak
 62235 | Vaults:5 | Identified the +1 cloak "Ocovurei" {rCorr MP+9 Str+2 Dex+3} (You found it on level 5 of the Vaults)
 62966 | Vaults:5 | Got a polished short sword
 62967 | Vaults:5 | Identified the +5 short sword of Ambiguity {pain, rC+} (You found it on level 5 of the Vaults)
 62980 | Vaults:5 | Got a smoking great mace
 62991 | Vaults:5 | Identified the +3 great mace of Amorality {freeze, rElec rF+ rC+ MR+} (You took it off an orc on level 5 of the Vaults)
 63028 | Vaults:5 | Got a crystal mace
 63029 | Vaults:5 | Identified the +6 mace of the Wilderness {venom, rN++ Str-5 Int+5} (You found it on level 5 of the Vaults)
 63056 | Vaults:5 | Got an uncursed pitted battleaxe
 63062 | Vaults:5 | Identified the +7 battleaxe of the Many Songs {chop, Dex+3} (You took it off a deep elf priest on level 5 of the Vaults)
 63167 | Crypt:1  | Entered Level 1 of the Crypt
 63901 | Crypt:2  | Reached skill level 1 in Hexes
 64712 | Crypt:2  | Got a vibrating ivory ring
 64713 | Crypt:2  | Identified the ring of Free Will {AC+1 Str+8} (You found it on level 2 of the Crypt)
 64728 | Crypt:2  | Noticed a greater mummy
 64749 | Crypt:2  | Killed a greater mummy
 64786 | Crypt:2  | Identified the Almanac of Sinister Boosts
 64792 | Crypt:2  | Learned a level 2 spell: Repel Missiles
 64795 | Crypt:2  | Learned a level 2 spell: Song of Slaying
 64852 | Crypt:3  | Entered Level 3 of the Crypt
 64852 | Crypt:3  | Noticed Sojobo
 64863 | Crypt:3  | Killed Sojobo
 64863 | Crypt:3  | Reached skill level 5 in Hexes
 65073 | Crypt:3  | Lost mutation: Your magical capacity is low (-10% MP). [potion of mutation]
 65368 | Crypt:3  | Reached XP level 25. HP: 244/244 MP: 33/33
 65407 | Crypt:3  | Found a staircase to the Tomb.
 65506 | Crypt:3  | Noticed Wiglaf
 65537 | Crypt:3  | Killed Wiglaf
 65631 | Crypt:3  | Found a basalt altar of Yredelemnul.
 65983 | Crypt:3  | Got a vibrating steel ring
 66016 | Crypt:3  | Identified the ring of the Solstice {Ice Str+3 SInv} (You found it on level 3 of the Crypt)
 66668 | Crypt:2  | Got a brightly glowing ivory ring
 66672 | Crypt:2  | Identified the ring "Nom Ivoo" {rPois MP+9} (You took it off a mummy priest on level 2 of the Crypt)
 66680 | Crypt:2  | Got an iridescent dagger {drain}
 66681 | Crypt:2  | Identified the +9 dagger of Yredelemnul {drain, +Inv Dex+2 Stlth+} (You took it off a mummy priest on level 2 of the Crypt)
 66683 | Crypt:2  | Noticed a greater mummy
 66710 | Crypt:2  | Killed a greater mummy
 66786 | Crypt:2  | Upgraded the game from 0.17-a0-1767-gccbed74 to 0.17-a0-2217-ga280b8d
 67409 | Zot:1    | Entered Level 1 of the Realm of Zot
 67564 | Zot:1    | Got an ichor-stained morningstar
 67565 | Zot:1    | Identified the cursed +1 morningstar of the Trees {antimagic, *Noise rPois rF++ rC+} (You found it on level 1 of the Realm of Zot)
 67697 | Zot:1    | Upgraded the game from 0.17-a0-2217-ga280b8d to 0.18-a0-822-gb52b7b4
 68067 | Zot:1    | Reached skill level 10 in Air Magic
 69357 | Zot:1    | Got a wavering ivory ring
 69586 | Zot:2    | Identified the ring of Kuifil {Fire rElec Dex+7} (You took it off a draconian scorcher on level 1 of the Realm of Zot)
 69598 | Zot:2    | Got a scintillating granite ring
 70170 | Zot:2    | Reached XP level 26. HP: 253/253 MP: 33/33
 70244 | Zot:2    | Identified the ring of Bugg {Int+3 Dex+4} (You found it on level 2 of the Realm of Zot)
 72627 | Zot:5    | Entered Level 5 of the Realm of Zot
 72921 | Zot:5    | Got an encrusted plate armour
 72958 | Zot:4    | Identified the +5 plate armour of Truth {MP+9 Stlth+} (You found it on level 5 of the Realm of Zot)
 73139 | Zot:5    | Noticed an orb of fire
 73139 | Zot:5    | Noticed an orb of fire
 73141 | Zot:5    | Gained mutation: You tend to lose your temper in combat. [an orb of fire]
 74086 | Depths:1 | Voluntarily entered the Abyss.
 74170 | Abyss:1  | Reached skill level 1 in Translocations
 74341 | Abyss:1  | Found a sparkling altar of Nemelex Xobeh.
 74612 | Abyss:1  | Found a corrupted altar of Lugonu.
 74732 | Abyss:2  | Found a corrupted altar of Lugonu.
 75458 | Abyss:2  | Reached XP level 27. HP: 257/257 MP: 33/33
 75576 | Abyss:2  | Reached skill level 5 in Translocations
 76285 | Abyss:3  | Found a corrupted altar of Lugonu.
 76397 | Abyss:3  | Got a spiked cloak
 76422 | Abyss:3  | Identified the cursed +0 cloak of Makhleb's Envy {MR++} (You found it on level 3 of the Abyss)
 76556 | Abyss:3  | Paralysed by accursed screaming for 1 turns
 76731 | Abyss:3  | Found an opulent altar of Gozag.
 76737 | Abyss:3  | Found a corrupted altar of Lugonu.
 77142 | Abyss:3  | Reached skill level 15 in Invocations
 78055 | Abyss:3  | Paralysed by accursed screaming for 1 turns
 78272 | Abyss:3  | Found a corrupted altar of Lugonu.
 78631 | Abyss:3  | Found a corrupted altar of Lugonu.
 78693 | Abyss:3  | Paralysed by accursed screaming for 1 turns
 78952 | Abyss:3  | Got an abyssal rune of Zot
 79106 | Depths:1 | Escaped the Abyss
 79225 | Vaults:1 | Bought the +3 pair of gauntlets of War {Slay+5} for 2042 gold pieces
 79745 | Slime:1  | Entered Level 1 of the Pits of Slime
 79747 | Slime:1  | Gained mutation: You are sometimes teleported next to monsters. [a shining eye]
 79869 | Slime:2  | Gained mutation: You are often teleported next to monsters. [a shining eye]
 79906 | Slime:3  | Noticed Dissolution
 79937 | Slime:3  | Paralysed by a giant eyeball for 3 turns
 79945 | Slime:3  | Killed Dissolution
 80265 | Slime:6  | Entered Level 6 of the Pits of Slime
 80315 | Slime:6  | Noticed the Royal Jelly
 80316 | Slime:6  | Gained mutation: You are frail (-10% HP). [a shining eye]
 80335 | Slime:6  | Killed the Royal Jelly
 80455 | Slime:6  | Got a slimy rune of Zot
 80490 | Slime:6  | Got a bloodstained halberd
 80491 | Slime:6  | Identified the +7 halberd of Geson {elec, Str+6} (You found it on level 6 of the Pits of Slime)
 80494 | Slime:6  | Got a polished morningstar
 80495 | Slime:6  | Identified the +4 morningstar of Sequestration {freeze, Str+4 Int-2 Dex+6} (You found it on level 6 of the Pits of Slime)
 80502 | Slime:6  | Got a translucent dagger
 80503 | Slime:6  | Identified the +8 dagger of the Nine Ghosts {drain, Fragile rN+ Dex+3} (You found it on level 6 of the Pits of Slime)
 81042 | Slime:6  | Got an ancient iron ring
 81043 | Slime:6  | Identified the ring of Joips {Wiz Int+4 Stlth+} (You found it on level 6 of the Pits of Slime)
 81050 | Slime:6  | Got a crystal scythe
 81051 | Slime:6  | Identified the +8 scythe of Blood {flame, rC+ rN++ Dex+2} (You found it on level 6 of the Pits of Slime)
 81072 | Slime:6  | Identified a +4 rod of ignition (13/13) (You found it on level 6 of the Pits of Slime)
 81094 | Slime:6  | Got an encrusted chain mail
 81098 | Slime:6  | Got a pitted scale mail
 81099 | Slime:6  | Identified the cursed +1 scale mail "Pasa" {-Cast Int+2 Dex+4 Slay+4} (You found it on level 6 of the Pits of Slime)
 81100 | Slime:6  | Identified the cursed +0 chain mail of the Depths {Str+9} (You found it on level 6 of the Pits of Slime)
 81131 | Slime:6  | Got a steaming hand axe
 81132 | Slime:6  | Identified the +5 hand axe of the Tundras {antimagic, Str+5 Dex-5 SInv Stlth+} (You found it on level 6 of the Pits of Slime)
 81137 | Slime:6  | Got a crystal war axe
 81138 | Slime:6  | Identified the +6 war axe "Trog's Scorn" {antimagic, rN+ Int+2} (You found it on level 6 of the Pits of Slime)
 81303 | Lair:6   | Upgraded the game from 0.18-a0-822-gb52b7b4 to 0.18-a0-853-gfe32976
 81729 | Zig:1    | Entered Level 1 of a ziggurat
 81755 | Zig:2    | Entered Level 2 of a ziggurat
 81798 | Zig:3    | Entered Level 3 of a ziggurat
 81838 | Zig:4    | Entered Level 4 of a ziggurat
 81886 | Zig:4    | Learned a level 6 spell: Iron Shot
 81897 | Zig:4    | Identified the Guide on Ensnaring Snow (You found it on level 4 of a ziggurat)
 81903 | Zig:4    | Gained mutation: Your mind is acute. (Int +2) [potion of beneficial mutation]
 81905 | Zig:5    | Entered Level 5 of a ziggurat
 81921 | Zig:5    | Reached skill level 1 in Earth Magic
 81982 | Zig:6    | Entered Level 6 of a ziggurat
 82066 | Zig:6    | Gained mutation: You are agile. (Dex +2) [mutagenic meat]
 82074 | Zig:6    | Lost mutation: Your body often deteriorates upon taking damage. [mutagenic meat]
 82095 | Zig:7    | Entered Level 7 of a ziggurat
 82142 | Zig:7    | Reached skill level 5 in Earth Magic
 82170 | Zig:7    | Learned a level 4 spell: Throw Icicle
 82175 | Zig:7    | Identified Inengomm's Lost Secrets of Theurgy (You found it on level 7 of a ziggurat)
 82184 | Zig:8    | Entered Level 8 of a ziggurat
 82297 | Zig:8    | Identified a +5 rod of destruction (14/14) (You found it on level 8 of a ziggurat)
 82325 | Zig:9    | Entered Level 9 of a ziggurat
 82359 | Zig:9    | Reached skill level 1 in Ice Magic
 82393 | Zig:9    | Lost mutation: Your spells are a little easier to cast, but a little less powerful. [potion of cure mutation]
 82393 | Zig:9    | Lost mutation: You are somewhat resistant to further mutation. [potion of cure mutation]
 82393 | Zig:9    | Lost mutation: You are frail (-10% HP). [potion of cure mutation]
 82393 | Zig:9    | Lost mutation: Your body sometimes deteriorates upon taking damage. [potion of cure mutation]
 82393 | Zig:9    | Lost mutation: You tend to lose your temper in combat. [potion of cure mutation]
 82393 | Zig:9    | Lost mutation: You are often teleported next to monsters. [potion of cure mutation]
 82400 | Zig:9    | Got a scintillating jade ring
 82401 | Zig:9    | Identified the ring "Cycaapp" {Ice Str+3} (You found it on level 9 of a ziggurat)
 82410 | Zig:10   | Entered Level 10 of a ziggurat
 82475 | Zig:10   | Gained mutation: You expend magic power (3 MP) to strengthen your wands. [mutagenic meat]
 82476 | Zig:10   | Lost mutation: You are partially covered in rough black scales (AC +4, Dex -1). [mutagenic meat]
 82512 | Zig:10   | Identified the Tome of Twisted Companions (You found it on level 10 of a ziggurat)
 82558 | Zig:10   | Got a slimy arbalest
 82564 | Zig:10   | Identified the +6 arbalest of the Three Demons {elec, +Blink Str+4} (You found it on level 10 of a ziggurat)
 82573 | Zig:11   | Entered Level 11 of a ziggurat
 82704 | Zig:11   | Got a scorched eveningstar
 82705 | Zig:11   | Identified the +5 eveningstar of Irrepressible Laughter {antimagic, rC+ Int+3 Stlth+} (You found it on level 11 of a ziggurat)
 82713 | Zig:11   | Got a bloodstained ring mail
 82725 | Zig:11   | Identified the +1 ring mail of the Forsaken Wonders {rElec rF+++ MR- rCorr} (You found it on level 11 of a ziggurat)
 82815 | Zig:12   | Entered Level 12 of a ziggurat
 82831 | Zig:12   | Noticed Ifeixzo the pandemonium lord
 82842 | Zig:12   | Reached skill level 5 in Ice Magic
 82844 | Zig:12   | Killed Ifeixzo the pandemonium lord
 82899 | Zig:12   | Identified the Collected Works on Assistive Stolen Souls (You found it on level 12 of a ziggurat)
 82923 | Zig:12   | Got a bloodstained plate armour
 82929 | Zig:12   | Got a spiked scale mail
 82944 | Zig:12   | Identified the +10 plate armour "Awourow" {+Inv Str+2 Dex+3} (You found it on level 12 of a ziggurat)
 82954 | Zig:12   | Identified the +1 scale mail of Leonacorch {rPois rCorr Stlth+} (You found it on level 12 of a ziggurat)
 83003 | Zig:13   | Entered Level 13 of a ziggurat
 83015 | Zig:13   | Noticed an ancient lich
 83041 | Zig:13   | Killed an ancient lich
 83101 | Zig:13   | Identified the Volume of Arcane Weapons and Ice (You found it on level 13 of a ziggurat)
 83112 | Zig:13   | Got a translucent jade ring
 83113 | Zig:13   | Identified the cursed ring "Tupsoane" {rElec Str-3 Dex+3 SInv} (You found it on level 13 of a ziggurat)
 83136 | Depths:4 | Upgraded the game from 0.18-a0-853-gfe32976 to 0.18-a0-1314-g2549be2
 83146 | Pan      | Entered Pandemonium
 83156 | Pan      | Noticed Daepnediec the pandemonium lord
 83184 | Pan      | Killed Daepnediec the pandemonium lord
 83253 | Pan      | Found an exit through the horrors of the Abyss.
 83254 | Pan      | Noticed Potsanchik's ghost (legendary GrAK)
 83292 | Pan      | Took an exit into the Abyss.
 83292 | Abyss:1  | Escaped into the Abyss
 83351 | Depths:4 | Escaped the Abyss
 83355 | Pan      | Entered Pandemonium
 83501 | Pan      | Found an exit through the horrors of the Abyss.
 83523 | Pan      | Took an exit into the Abyss.
 83523 | Abyss:1  | Escaped into the Abyss
 83569 | Abyss:1  | Gained mutation: Your magical capacity is low (-10% MP). [a neqoxec]
 83571 | Depths:4 | Escaped the Abyss
 83573 | Pan      | Entered Pandemonium
 84019 | Pan      | Noticed Xeekiura the pandemonium lord
 84045 | Pan      | Killed Xeekiura the pandemonium lord
 84079 | Pan      | Found an exit through the horrors of the Abyss.
 84087 | Pan      | Gained mutation: Scrolls take you a little longer to read. [a cacodemon]
 84149 | Pan      | Took an exit into the Abyss.
 84149 | Abyss:1  | Escaped into the Abyss
 84155 | Depths:4 | Escaped the Abyss
 84160 | Pan      | Entered the realm of Gloorx Vloq.
 84160 | Pan      | Entered Pandemonium
 84432 | Pan      | Found an exit through the horrors of the Abyss.
 85153 | Pan      | Noticed Gloorx Vloq
 85189 | Pan      | Killed Gloorx Vloq
 85189 | Pan      | Reached skill level 10 in Ice Magic
 85306 | Pan      | Got a warped iron ring
 85317 | Pan      | Got a dark rune of Zot
 85362 | Pan      | Identified the ring "Ytisetuphu" {rF+ rC+ Str+4} (You found it in Pandemonium)
 85582 | Pan      | Got a pair of slimy boots
 85594 | Pan      | Identified the +2 pair of boots of Fuuqass {Str+3} (You found it in Pandemonium)
 85896 | Pan      | Noticed a seraph
 85913 | Pan      | Killed a seraph
 86036 | Pan      | Found a glowing golden altar of the Shining One.
 86065 | Pan      | Got a demonic rune of Zot
 86080 | Pan      | Got a wavering ivory ring
 86081 | Pan      | Identified the ring "Loq Osen" {Str+4 Int+6} (You found it in Pandemonium)
 86807 | Pan      | Found a glowing silver altar of Zin.
 86990 | Pan      | Got a warped mace
 86991 | Pan      | Identified the cursed +0 mace of the Hall of Blades {crush, +Inv MP+9} (You found it in Pandemonium)
 86996 | Pan      | Got a crude short sword
 86997 | Pan      | Identified the +9 short sword of Honour {freeze, *Contam +Blink rPois Str+4} (You found it in Pandemonium)
 87926 | Pan      | Lost mutation: Scrolls take you a little longer to read. [potion of cure mutation]
 87926 | Pan      | Lost mutation: You are sometimes teleported next to monsters. [potion of cure mutation]
 87926 | Pan      | Lost mutation: You are agile. (Dex +2) [potion of cure mutation]
 87926 | Pan      | Lost mutation: Your magical capacity is low (-10% MP). [potion of cure mutation]
 87926 | Pan      | Lost mutation: You expend magic power (3 MP) to strengthen your wands. [potion of cure mutation]
 88286 | Pan      | Found a white marble altar of Elyvilon.
 88856 | Pan      | Noticed Koowk the pandemonium lord
 88857 | Pan      | Found an exit through the horrors of the Abyss.
 88860 | Pan      | Took an exit into the Abyss.
 88860 | Abyss:1  | Escaped into the Abyss
 88893 | Abyss:1  | Found a deep blue altar of Sif Muna.
 89125 | Abyss:1  | Noticed an ancient lich
 89135 | Abyss:1  | Killed an ancient lich
 89282 | Abyss:1  | Upgraded the game from 0.18-a0-1314-g2549be2 to 0.18-a0-1327-gce91241
 89417 | Depths:4 | Escaped the Abyss
 89419 | Pan      | Entered Pandemonium
 89419 | Pan      | Found an exit through the horrors of the Abyss.
 89557 | Pan      | Entered the realm of Mnoleg.
 89656 | Pan      | Found an exit through the horrors of the Abyss.
 89674 | Pan      | Gained mutation: Your spells are a little easier to cast, but a little less powerful. [a neqoxec]
 89708 | Pan      | Gained mutation: You are sometimes teleported next to monsters. [a cacodemon]
 89717 | Pan      | Gained mutation: You tend to lose your temper in combat. [a neqoxec]
 90046 | Pan      | Gained mutation: You are weak. (Str -2) [a cacodemon]
 90254 | Pan      | Gained mutation: Armour fits poorly on your strangely shaped body. [a cacodemon]
 90322 | Pan      | Gained mutation: You are very weak. (Str -4) [a neqoxec]
 90422 | Pan      | Lost mutation: You are partially covered in large bone plates (AC +2, SH +2). [a cacodemon]
 90432 | Pan      | Gained mutation: You expend magic power (3 MP) to strengthen your wands. [a cacodemon]
 90480 | Pan      | Noticed Mnoleg
 90505 | Pan      | Paralysed by a giant eyeball for 3 turns
 90523 | Pan      | Paralysed by a giant eyeball for 2 turns
 90527 | Pan      | Killed Mnoleg
 90565 | Pan      | Got a glowing rune of Zot
 90595 | Pan      | Lost mutation: Your spells are a little easier to cast, but a little less powerful. [potion of cure mutation]
 90595 | Pan      | Lost mutation: You are very weak. (Str -4) [potion of cure mutation]
 90595 | Pan      | Lost mutation: Your mind is acute. (Int +2) [potion of cure mutation]
 90595 | Pan      | Lost mutation: You tend to lose your temper in combat. [potion of cure mutation]
 90595 | Pan      | Lost mutation: You expend magic power (3 MP) to strengthen your wands. [potion of cure mutation]
 90596 | Pan      | Lost mutation: You are weak. (Str -2) [potion of cure mutation]
 90596 | Pan      | Lost mutation: Armour fits poorly on your strangely shaped body. [potion of cure mutation]
 90596 | Pan      | Lost mutation: You are sometimes teleported next to monsters. [potion of cure mutation]
 90596 | Pan      | Lost mutation: You are surrounded by a mild repulsion field (EV +2). [potion of cure mutation]
 90598 | Pan      | Entered the realm of Cerebov.
 90734 | Pan      | Found an exit through the horrors of the Abyss.
 90951 | Pan      | Reached skill level 27 in Armour
 91269 | Pan      | Got a serpentine amethyst amulet
 91271 | Pan      | Noticed Cerebov
 91356 | Pan      | Killed Cerebov
 91375 | Pan      | Identified the amulet "Buannarr" {Inacc rF+ rC+ Int+5 Dex-3} (You found it in Pandemonium)
 91380 | Pan      | Got a dazzling chain mail
 91590 | Pan      | Got a fiery rune of Zot
 91595 | Pan      | Got a scorched spear
 91596 | Pan      | Identified the +4 spear of Bupexzev {pierce, rPois} (You found it in Pandemonium)
 91612 | Pan      | Identified the +0 chain mail of Fun {Str+3 Dex+3} (You found it in Pandemonium)
 91632 | Pan      | Got an ichor-stained ring mail
 91661 | Pan      | Identified the cursed +1 ring mail of the Volcano {+Inv} (You found it in Pandemonium)
 91674 | Pan      | Got a brightly glowing ring mail
 91685 | Pan      | Identified the +1 ring mail "Aroubaux" {*Confuse rElec MR++} (You found it in Pandemonium)
 91712 | Pan      | Hired Efimuclu the naga for 163 gold.
 91748 | Pan      | Got a warped leather armour
 91759 | Pan      | Identified the +1 leather armour "Xiana" {Regen+} (You found it in Pandemonium)
 91830 | Pan      | Got a translucent spear {pierce}
 91831 | Pan      | Identified the +8 spear of Breach {pierce, rN++ Int+2 Dex-5} (You took it off a balrug in Pandemonium)
 91864 | Pan      | Your ally Efimuclu died
 92163 | Pan      | Got a polished ring mail
 92174 | Pan      | Identified the +5 ring mail of Udatamis {-Cast rCorr Str+9 Int+3} (You found it in Pandemonium)
 92700 | Pan      | Found an exit through the horrors of the Abyss.
 92716 | Pan      | Took an exit into the Abyss.
 92716 | Abyss:1  | Escaped into the Abyss
 92720 | Abyss:1  | Found a corrupted altar of Lugonu.
 92900 | Depths:4 | Escaped the Abyss
 92941 | Pan      | Entered Pandemonium
 92944 | Pan      | Entered the realm of Lom Lobon.
 93046 | Pan      | Found an exit through the horrors of the Abyss.
 93315 | Pan      | Reached skill level 27 in Axes
 94086 | Pan      | Reached ****** piety under Makhleb
 94208 | Pan      | Noticed Lom Lobon
 94299 | Pan      | Killed Lom Lobon
 94299 | Pan      | Reached skill level 10 in Spellcasting
 94349 | Pan      | Got a magical rune of Zot
 94811 | Pan      | Took an exit into the Abyss.
 94811 | Abyss:1  | Escaped into the Abyss
 94825 | Depths:4 | Escaped the Abyss
 94827 | Depths:4 | Upgraded the game from 0.18-a0-1327-gce91241 to 0.18-a0-1425-g646b864
 95552 | Orc:3    | Bought a +6 rod of shadows (13/13) for 2046 gold pieces
 95869 | Tomb:1   | Entered Level 1 of the Tomb of the Ancients
 96515 | Tomb:1   | Noticed a greater mummy
 96522 | Tomb:1   | Killed a greater mummy
 96852 | Tomb:2   | Noticed a greater mummy
 96883 | Tomb:2   | Noticed a greater mummy
 96896 | Tomb:2   | Noticed an ancient lich
 97066 | Tomb:2   | Noticed a greater mummy
 97124 | Tomb:2   | Noticed Frederick
 97137 | Tomb:1   | Killed a greater mummy
 97491 | Tomb:2   | Killed a greater mummy
 97497 | Tomb:2   | Killed a greater mummy
 97507 | Tomb:1   | Killed an ancient lich
 97558 | Tomb:2   | Killed Frederick
 97710 | Tomb:2   | Noticed Jorgrun
 97732 | Tomb:2   | Killed Jorgrun
 97948 | Tomb:1   | Noticed a greater mummy
 97948 | Tomb:1   | Noticed a greater mummy
 97968 | Tomb:1   | Killed a greater mummy
 97975 | Tomb:1   | Killed a greater mummy
 97992 | Tomb:1   | Noticed a greater mummy
 98317 | Tomb:1   | Noticed a greater mummy
 98334 | Tomb:1   | Killed a greater mummy
 98337 | Tomb:1   | Noticed a greater mummy
 98360 | Tomb:1   | Noticed a greater mummy
 98369 | Tomb:2   | Killed a greater mummy
 98390 | Tomb:1   | Noticed a greater mummy
 98400 | Tomb:2   | Killed a greater mummy
 98463 | Tomb:1   | Killed a greater mummy
 98500 | Tomb:1   | Noticed a greater mummy
 98511 | Tomb:1   | Killed a greater mummy
 98554 | Tomb:1   | Noticed a greater mummy
 98573 | Tomb:1   | Killed a greater mummy
 98574 | Tomb:1   | Noticed a greater mummy
 98616 | Tomb:1   | Killed a greater mummy
 98674 | Tomb:1   | Noticed a greater mummy
 98690 | Tomb:1   | Killed a greater mummy
 98726 | Tomb:1   | Noticed a greater mummy
 98736 | Tomb:1   | Killed a greater mummy
 98768 | Tomb:1   | Noticed a greater mummy
 98784 | Tomb:1   | Killed a greater mummy
 98859 | Tomb:1   | Noticed a greater mummy
 98896 | Tomb:1   | Killed a greater mummy
 98956 | Tomb:1   | Noticed a greater mummy
 98975 | Tomb:1   | Killed a greater mummy
 98979 | Tomb:1   | Killed a greater mummy
 99150 | Tomb:3   | Entered Level 3 of the Tomb of the Ancients
 99172 | Tomb:3   | Noticed a greater mummy
 99172 | Tomb:3   | Noticed a greater mummy
 99177 | Tomb:3   | Reached skill level 10 in Conjurations
 99179 | Tomb:3   | Killed a greater mummy
 99184 | Tomb:3   | Killed a greater mummy
 99185 | Tomb:3   | Noticed a greater mummy
 99315 | Tomb:3   | Noticed a greater mummy
 99328 | Tomb:2   | Killed a greater mummy
 99374 | Tomb:3   | Killed a greater mummy
 99789 | Tomb:3   | Noticed a greater mummy
100086 | Tomb:3   | Got a transparent sapphire amulet
100087 | Tomb:3   | Identified the amulet of Uralir {Spirit rElec Dex+4} (You found it on level 3 of the Tomb of the Ancients)
100146 | Tomb:3   | Noticed a greater mummy
100157 | Tomb:3   | Noticed a greater mummy
100168 | Tomb:3   | Killed a greater mummy
100176 | Tomb:3   | Killed a greater mummy
100320 | Tomb:3   | Noticed a greater mummy
100332 | Tomb:3   | Killed a greater mummy
100483 | Tomb:3   | Noticed a greater mummy
100498 | Tomb:3   | Killed a greater mummy
100516 | Tomb:3   | Killed a greater mummy
100774 | Tomb:3   | Got a golden rune of Zot
100857 | Tomb:3   | Got a bloodstained ring mail
100868 | Tomb:3   | Identified the +1 ring mail "Taag" {-Cast +Blink Str+2} (You found it on level 3 of the Tomb of the Ancients)
100896 | Tomb:3   | Learned a level 4 spell: Passage of Golubria
100898 | Tomb:3   | Identified the Almanac of Battle Magic and the Blaze (You found it on level 3 of the Tomb of the Ancients)
100903 | Tomb:3   | Learned a level 3 spell: Inner Flame
101801 | Hell     | Entered the Vestibule of Hell
101811 | Hell     | Noticed Geryon
101844 | Hell     | Found a gateway to the ashen valley of Gehenna.
102024 | Hell     | Found a gateway to the Iron City of Dis.
102107 | Hell     | Killed Geryon
102173 | Hell     | Found a gateway to the freezing wastes of Cocytus.
102438 | Hell     | Found a gateway to the decaying netherworld of Tartarus.
102656 | Dis:1    | Entered Level 1 of the Iron City of Dis
103271 | Dis:6    | Reached skill level 15 in Conjurations
103453 | Dis:7    | Entered Level 7 of the Iron City of Dis
103854 | Dis:7    | Got a scintillating granite ring
103855 | Dis:7    | Identified the ring "Katat" {rC+ rN+} (You found it on level 7 of the Iron City of Dis)
103975 | Dis:7    | Noticed the Serpent of Hell
103998 | Dis:7    | Killed the Serpent of Hell
104166 | Dis:7    | Noticed Dispater
104282 | Dis:7    | Killed Dispater
104360 | Dis:7    | Got an iron rune of Zot
104568 | Dis:7    | Identified Demyon's Compendium of Unholy Magic (You found it on level 7 of the Iron City of Dis)
104944 | Coc:1    | Entered Level 1 of Cocytus
105828 | Coc:7    | Entered Level 7 of Cocytus
105969 | Coc:7    | Lost mutation: You are occasionally teleported next to monsters. [mutagenic glow]
106084 | Coc:7    | Noticed Antaeus
106138 | Coc:7    | Killed Antaeus
106338 | Coc:7    | Got an icy rune of Zot
106359 | Coc:7    | Got a translucent lead ring
106361 | Coc:7    | Identified the ring of Liyrogoi {+Fly Str+6 Int+4 Stlth-} (You found it on level 7 of Cocytus)
106699 | D:15     | Learned a level 7 spell: Orb of Destruction
106842 | Hell     | Upgraded the game from 0.18-a0-1425-g646b864 to 0.18-a0-1433-g1d8109a
106905 | Tar:1    | Entered Level 1 of Tartarus
108076 | Orc:4    | Bought 3 scrolls of magic mapping for 220 gold pieces
108635 | Tar:7    | Entered Level 7 of Tartarus
108988 | Tar:7    | Got a scorched scale mail
108999 | Tar:7    | Identified the +4 scale mail of the Moneychanger {rF+ Regen+ Slay+4} (You found it on level 7 of Tartarus)
109495 | Tar:7    | Noticed an ancient lich
109503 | Tar:7    | Killed an ancient lich
109522 | Tar:7    | Got a flickering diamond amulet
109527 | Tar:7    | Identified the amulet "Nustrorr" {RegenMP rF+ Int-3 Dex+7} (You found it on level 7 of Tartarus)
109576 | Tar:7    | Noticed Ereshkigal
109643 | Tar:7    | Killed Ereshkigal
109677 | Tar:7    | Reached ***** piety under Makhleb
109809 | Tar:7    | Got a bone rune of Zot
110087 | Geh:1    | Entered Level 1 of Gehenna
111280 | Geh:7    | Entered Level 7 of Gehenna
111914 | Geh:7    | Gained mutation: You are dopey. (Int -2) [mutagenic glow]
111952 | Geh:7    | Gained mutation: You are weak. (Str -2) [mutagenic glow]
112000 | Geh:7    | Gained mutation: You are very dopey. (Int -4) [mutagenic glow]
112025 | Geh:7    | Gained mutation: You are frail (-10% HP). [mutagenic glow]
112068 | Geh:7    | Lost mutation: You are frail (-10% HP). [mutagenic glow]
112069 | Geh:7    | Noticed Asmodeus
112337 | Geh:7    | Killed Asmodeus
112394 | Geh:7    | Identified the Incunabulum of Mutagenic Self-Knowledge (You found it on level 7 of Gehenna)
112398 | Geh:7    | Learned a level 1 spell: Infusion
112446 | Geh:7    | Got a pitted glass ring
112448 | Geh:7    | Got a clouded turquoise ring
112451 | Geh:7    | Got a sparkling jade ring
112457 | Geh:7    | Got a bloodstained ring mail
112468 | Geh:7    | Identified the cursed +0 ring mail of Cunevelu {Str+4 Slay+2 Stlth+} (You found it on level 7 of Gehenna)
112490 | Geh:7    | Got an encrusted plate armour
112501 | Geh:7    | Identified the +1 plate armour "Tien" {Str+2} (You found it on level 7 of Gehenna)
112520 | Geh:7    | Got an obsidian rune of Zot
112532 | Geh:7    | Identified the ring "Otaick" {+Fly MP+9} (You found it on level 7 of Gehenna)
112534 | Geh:7    | Identified the ring of Megalomania {+Fly rC+ SInv} (You found it on level 7 of Gehenna)
112536 | Geh:7    | Identified the ring of Soafeqi {-Tele +Fly Str+3 Dex+2 SInv} (You found it on level 7 of Gehenna)
112551 | Geh:7    | Got a scorched great sword
112557 | Geh:7    | Identified the +4 great sword of Dabib {venom, *Noise rC+ rN+++ Dex+2} (You found it on level 7 of Gehenna)
113249 | Zot:5    | Noticed an ancient lich
113265 | Zot:5    | Killed an ancient lich
113292 | Zot:5    | Noticed an ancient lich
113292 | Zot:5    | Noticed an orb of fire
113313 | Zot:5    | Killed an ancient lich
113316 | Zot:5    | Gained mutation: You are partially covered in slimy green scales (AC +2). [an orb of fire]
113324 | Zot:5    | Killed an orb of fire
113325 | Zot:5    | Gained mutation: Scrolls take you a little longer to read. [an orb of fire]
113333 | Zot:5    | Killed an orb of fire
113584 | Zot:5    | Noticed an orb of fire
113607 | Zot:5    | Killed an orb of fire
113608 | Zot:5    | Noticed an orb of fire
113608 | Zot:5    | Noticed an orb of fire
113613 | Zot:5    | Noticed an orb of fire
113615 | Zot:5    | Noticed an orb of fire
113616 | Zot:5    | Gained mutation: Your magical capacity is low (-10% MP). [an orb of fire]
113617 | Zot:5    | Noticed an orb of fire
113628 | Zot:5    | Gained mutation: Armour fits poorly on your strangely shaped body. [an orb of fire]
113652 | Zot:5    | Killed an orb of fire
113763 | Zot:5    | Killed an orb of fire
113792 | Zot:5    | Gained mutation: You are partially covered in thin metallic scales (AC +2). [an orb of fire]
113792 | Zot:5    | Lost mutation: You are very dopey. (Int -4) [an orb of fire]
113832 | Zot:5    | Gained mutation: Your magical capacity is very low (-20% MP). [an orb of fire]
113834 | Zot:5    | Killed an orb of fire
113836 | Zot:5    | Gained mutation: You tend to lose your temper in combat. [an orb of fire]
113840 | Zot:5    | Noticed Cemuus the pandemonium lord
113853 | Zot:5    | Killed an orb of fire
113854 | Zot:5    | Killed Cemuus the pandemonium lord
113984 | Zot:5    | Noticed Joniogao the pandemonium lord
114007 | Zot:5    | Killed Joniogao the pandemonium lord
114025 | Zot:5    | Noticed an orb of fire
114025 | Zot:5    | Got the Orb of Zot
114034 | Zot:4    | Gained mutation: Your spells are a little easier to cast, but a little less powerful. [an orb of fire]
114036 | Zot:4    | Gained mutation: You expend magic power (3 MP) to strengthen your wands. [an orb of fire]
114041 | Zot:4    | Gained mutation: You are robust (+10% HP). [an orb of fire]
114044 | Zot:4    | Killed an orb of fire
114275 | Depths:5 | Noticed Niozi the pandemonium lord
114320 | Depths:1 | Lost mutation: You are weak. (Str -2) [potion of cure mutation]
114320 | Depths:1 | Lost mutation: You are dopey. (Int -2) [potion of cure mutation]
114320 | Depths:1 | Lost mutation: Armour fits poorly on your strangely shaped body. [potion of cure mutation]
114320 | Depths:1 | Lost mutation: Your magical capacity is very low (-20% MP). [potion of cure mutation]
114662 | D:1      | Noticed Jaiqy the pandemonium lord
114681 | D:1      | Killed Jaiqy the pandemonium lord
114693 | D:1      | Noticed Sesut the pandemonium lord
114703 | D:$      | Escaped with the Orb!

Vault maps used:
D:1:      dpeg_arrival_court
D:2:      lemuel_crystal_altar, bloody_trog, overflow_temple_1_default,
          lemuel_doored_altar, first_bread, uniq_jessica
D:4:      minitemple
D:5:      serial_shops, shop, uniq_pikel, uniq_crazy_yiuf_cottage, uniq_edmund,
          uniq_eustachio
D:6:      lemuel_ratsnest, hangedman_abyss_or_decor_stagger
D:7:      minmay_temple_entry_grid, uniq_prince_ribbit1
D:8:      led_sif_pool, the_bakery
D:9:      lair_0_dummy, uniq_psyche, uniq_erica, uniq_gastronok
D:10:     kennysheep_small_square, uniq_snorg, uniq_harold
D:11:     erik_orc_2, lightli_wizard_tower
D:13:     david_vaults_2
D:14:     minmay_hedge_maze, serial_bayou_lagoon_a
D:15:     grunt_enter_depths_giant_problem, serial_park_square3
Temple:   oiseaux_autumnal_temple_12
Lair:1:   serial_bayou_shore_b, lemuel_fruit_fields
Lair:2:   pond
Lair:3:   swamp_mist, spider_nest_entry_a, serial_bayou_pond_e, minivault_25
Lair:4:   pond_and_an_island_with_a_cottage, serial_bayou
Lair:5:   eino_small_chamber_without_monster, beast_lair_carwin_5,
          grunt_megastairs_2
Lair:6:   slime_altar_1, enter_volcano_2, st_stairs_5, kilobyte_rumbling_trees
Lair:7:   st_stairs_12, grunt_forest_large_clearing_hut
Lair:8:   evil_forest, lemuel_fruit_tree
Swamp:1:  evilmike_swamp_ruin_wall
Swamp:2:  evilmike_swamp_ruin_house_5, swamp_pool4, ldierk_geyser,
          cheibrodos_swamp_minitomb
Swamp:3:  nicolae_swamp_rocky_clearing, swamp_pool2, uniq_donald
Swamp:4:  swamp_icy
Spider:1: nicolae_spider_ant_collections
Spider:2: special_room, uniq_arachne, uniq_agnes
Spider:3: hangedman_stitches_earthworm, uniq_azrael, uniq_mara
Spider:4: spider_rune_water, nicolae_spider_nook
Slime:3:  dissolution_awaits
Slime:4:  cheibrodos_slime_lost_civilization_3
Orc:1:    nicolae_orc_accident_2, serial_shops, shop
Orc:2:    bloody_makhleb
Orc:3:    serial_shops, shop, portal_ice_cave_entry_imps, basic_altar,
          nicolae_orc_pool_cavern, uniq_rupert
Orc:4:    st_orc_pillars, lightli_orcish_oven
Elf:1:    eino_elf_arrival_shootout, hangedman_elf_represent
Elf:2:    uniq_aizul
Elf:3:    minmay_elf_hall_golems, serial_shops, shop, uniq_saint_roka
Vaults:1: v_misc_15, vaults_room_octagon, ontoclasm_vaults_claustrophobia,
          st_spiral_rooms, ontoclasm_vaults_hangar, ontoclasm_vaults_ligature,
          v_misc_33, nicolae_vaults_ring_of_whatevers, serial_shops, shop
Vaults:2: sword_in_stone, v_misc_29, vaults_dpeg_cross,
          vaults_standard_mumra_lines, v_misc_9, nicolae_vaults_three_branches,
          stair_cage_open, vaults_room_semicircle, ontoclasm_vaults_eye,
          vaults_room_hallway, serial_shops, nicolae_shop_waterfront,
          uniq_nikola, uniq_margery
Vaults:3: nicolae_vaults_border_crossing, nicolae_vaults_minivaults, v_misc_22,
          v_alt_pattern_4, vaults_room_boxed, v_misc_27, grunt_vaults_focal,
          vaults_room_door_hall, minmay_crypt_entry_necro_gods,
          dpeg_vaults_monster_box, nicolae_vaults_yaktaur_gun_rack
Vaults:4: hangedman_vaults_impose, ontoclasm_vaults_ring_small,
          nicolae_vaults_sealed_display, ontoclasm_vaults_hangar,
          hangedman_vaults_restitches, vaults_standard_mumra_enter_the_diamond,
          v_rooms_1, v_rooms_6, st_lattice, nicolae_vaults_alarming,
          vaults_room_semicircle, v_alt_pattern_1, grunt_vaults_hallway_short,
          ontoclasm_vaults_misaligned
Crypt:1:  st_small_mortuary, grunt_crypt_arrival_split
Crypt:2:  grunt_ministairs_11, st_stairs_5, st_burial_chamber
Crypt:3:  church_of_pain_bobbens, uniq_wiglaf, uniq_sojobo
Tomb:2:   uniq_jorgrun, uniq_frederick
Depths:1: pf_coc_iceberg, abyss_entry, minmay_misc_feat_rows,
          nrook_kobold_shadow_demons, grunt_megastairs_3
Depths:2: cheibrodos_lost_city_excavation, serial_shops, kennysheep_mini,
          kennysheep_little_box, hellmouth_1, grunt_decor_fettered,
          lemuel_nasty_fountain
Depths:3: nicolae_whirlpool, grunt_hell_entry_dis_mu, grunt_pan_entry_spiral,
          minmay_misc_feat_five, serial_bayou_shore_b,
          kennysheep_random_hallway, basic_stair_grate_trap
Depths:4: wad_guarded_room, enter_ziggurat_a, abyss_entry, grunt_mini_vestibule,
          pan_entry, grunt_ministairs_9, roderic_lattice_a,
          infiniplex_staircase_zigzag_1
Depths:5: evilmike_zot_entry_diamond, hell_entry, minmay_misc_feat_enclosed
Dis:1:    hangedman_iron_city_apartments
Dis:4:    hangedman_dis_decor_tower
Dis:6:    hangedman_dis_monolith
Dis:7:    iron_city_of_dis, nrook_loot_triangle
Geh:5:    lemuel_hellish_altar
Geh:7:    geh_mu
Coc:7:    coc_hangedman
Tar:2:    nicolae_tar_cuneiform_oil
Tar:3:    nicolae_tar_cuneiform_water
Tar:6:    nicolae_tar_cuneiform_bird
Tar:7:    tar_grunt_cathedral
Zot:2:    amethyst_zot_foddershock
Zot:4:    hangedman_elemental_corridor
Zot:5:    grunt_ministairs_4
Abyss:1:  eino_small_chamber_without_monster, abyss_exit_lava,
          evilmike_abyss_exit_mutagenic, small_statue_intersection, minivault_28
Abyss:3:  evilmike_abyss_exit_9, evilmike_abyss_rune_ettins
Pan:      rand_demon_6, evilmike_mini_pan_other_thingy, grunt_pan_frozen_over,
          lemuel_hellion_island, nicolae_pan_double_arrow, rand_demon_5,
          evilmike_mini_pan_other_thingy, pan_blood_fountain,
          evilmike_mini_pan_rooms, nicolae_pan_mnolegish_5,
          evilmike_mini_pan_3x3, gloorx_vloq_grunt, evilmike_holy_pan,
          rand_demon_3, nicolae_pan_sigil_eeng, rand_demon_4, mnoleg,
          cerebov_grunt_fire_and_steel, nicolae_pan_door_chamber,
          uniq_mennas_pan, nicolae_pan_sigil_eeng, rand_demon_5,
          pan_blood_fountain, evilmike_mini_pan_diamond,
          nicolae_pan_cerebovesque_4, rand_demon_5, evilmike_mini_pan_rooms,
          lom_lobon_grunt_wind_tunnels
Zig:1:    ziggurat_pillar_centre_c
Zig:12:   ziggurat_pillar_centre_smoke
IceCv:    ice_cave_caverns_03
Volcano:  volcano_bunker

Skill      XL: |  1  2  3  4  5  6  7  8  9 10 11 12 13 14 15 16 17 18 19 20 21 22 23 24 25 26 27 |
---------------+----------------------------------------------------------------------------------+-----
Axes           | 4 5 6 10 15 27 | 27.0
Evocations     | 1 5 8 10 | 11.1
Armour         | 5 7 10 15 27 | 27.0
Fighting       | 5 10 15 16 17 24 | 24.6
Dodging        | 1 5 10 15 20 26 | 26.2
Invocations    | 1 5 10 12 13 15 | 19.8
Shields        | 10 15 19 | 21.4
Conjurations   | 5 23 | 23.9
Air Magic      | 5 10 | 11.7
Spellcasting   | 5 14 | 14.0
Poison Magic   | 5 |  7.0
Fire Magic     | 5 |  7.3
Transmutations | 5 |  7.0
Hexes          | 5 |  8.0
Translocations | 1 5 |  6.0
Earth Magic    | 5 |  5.8
Ice Magic      | 10 | 10.1
Throwing       | |  0.5

Action                   |  1- 3 |  4- 6 |  7- 9 | 10-12 | 13-15 | 16-18 | 19-21 | 22-24 | 25-27 || total
-------------------------+-------+-------+-------+-------+-------+-------+-------+-------+-------++-------
Melee: War axe           |   113 |   205 |   449 |   961 |  2096 |   364 |       |       |       ||  4188
       Scimitar          |       |       |       |       |    72 |    68 |       |       |       ||   140
       Broad axe         |       |       |       |       |       |  2175 |  2610 |  2805 | 11354 || 18944
       Sacred scourge    |       |       |       |       |       |       |       |       |    33 ||    33
 Fire: Blowgun           |       |       |       |     4 |       |       |       |       |       ||     4
Throw: Tomahawk          |       |     3 |     8 |     6 |       |       |       |       |       ||    17
       Throwing net      |       |       |       |     1 |       |       |       |     2 |       ||     3
 Cast: Mephitic Cloud    |       |       |       |       |       |       |   110 |    19 |    40 ||   169
       Ignite Poison     |       |       |       |       |       |       |    24 |    16 |    39 ||    79
       Cure Poison       |       |       |       |       |       |       |       |     9 |     5 ||    14
       Song of Slaying   |       |       |       |       |       |       |       |     3 |    50 ||    53
       Silence           |       |       |       |       |       |       |       |     1 |    69 ||    70
       Repel Missiles    |       |       |       |       |       |       |       |     1 |     8 ||     9
       Apportation       |       |       |       |       |       |       |       |       |   196 ||   196
       Throw Icicle      |       |       |       |       |       |       |       |       |    38 ||    38
       Orb of Destructio |       |       |       |       |       |       |       |       |    20 ||    20
       Freezing Cloud    |       |       |       |       |       |       |       |       |    18 ||    18
       Blink             |       |       |       |       |       |       |       |       |    14 ||    14
       Passage of Golubr |       |       |       |       |       |       |       |       |    13 ||    13
       Poisonous Cloud   |       |       |       |       |       |       |       |       |     4 ||     4
       Inner Flame       |       |       |       |       |       |       |       |       |     2 ||     2
Invok: Lesser Servant of |       |       |       |     4 |     2 |     3 |     1 |       |     4 ||    14
       Greater Servant o |       |       |       |     3 |     2 |     4 |     2 |       |    23 ||    34
       Major Destruction |       |       |       |       |     3 |     5 |    26 |       |     1 ||    35
       Minor Destruction |       |       |       |       |       |       |       |       |     1 ||     1
 Abil: Device Recharging |       |       |       |     1 |     1 |       |       |       |    16 ||    18
       Evoke Berserk Rag |       |       |       |       |     3 |       |     1 |       |       ||     4
       Spit Poison       |       |       |       |       |       |     4 |     6 |       |       ||    10
       No ability        |       |       |       |       |       |       |       |       |     8 ||     8
       Evoke Flight      |       |       |       |       |       |       |       |       |     1 ||     1
Evoke: Wand              |       |     1 |     1 |    26 |    28 |    54 |    45 |    20 |    86 ||   261
       Deck              |       |       |       |       |       |     4 |       |     4 |     1 ||     9
       Fan of gales      |       |       |       |       |       |     1 |     2 |       |       ||     3
       Rod               |       |       |       |       |       |       |       |       |    16 ||    16
       Disc of storms    |       |       |       |       |       |       |       |       |    11 ||    11
       Lamp of fire      |       |       |       |       |       |       |       |       |     3 ||     3
       Phantom mirror    |       |       |       |       |       |       |       |       |     2 ||     2
       Sceptre of Asmode |       |       |       |       |       |       |       |       |     1 ||     1
       Figurine of a zig |       |       |       |       |       |       |       |       |     1 ||     1
  Use: Scroll            |       |     3 |     1 |     8 |    28 |    19 |    13 |    32 |   111 ||   215
       Potion            |       |     4 |     6 |     2 |     3 |    16 |    14 |    12 |    69 ||   126
 Stab: Distracted        |       |       |       |     1 |       |     2 |       |       |    18 ||    21
       Paralysed         |       |       |       |       |       |    17 |     2 |       |     3 ||    22
       Invisible         |       |       |       |       |       |    18 |       |    13 |     2 ||    33
       Confused          |       |       |       |       |       |     3 |    52 |       |     6 ||    61
       Held in net/web   |       |       |       |       |       |       |       |     4 |       ||     4
       Sleeping          |       |       |       |       |       |       |       |       |     2 ||     2
       Petrifying        |       |       |       |       |       |       |       |       |     1 ||     1
       Petrified         |       |       |       |       |       |       |       |       |     1 ||     1
  Eat: Chunk             |     2 |     6 |    15 |    25 |    55 |    29 |    97 |    55 |    71 ||   355
       Meat ration       |       |       |     1 |       |     1 |     3 |     3 |     3 |    12 ||    23
       Pizza             |       |       |     1 |       |     1 |     5 |       |     1 |     7 ||    15
       Bread ration      |       |       |     1 |     1 |     2 |     2 |       |     1 |    22 ||    29
       Fruit             |       |       |       |       |    18 |    11 |     1 |       |    27 ||    57
       Royal jelly       |       |       |       |       |     1 |     2 |       |       |    14 ||    17
       Beef jerky        |       |       |       |       |     1 |     2 |     1 |     2 |    11 ||    17
